Workbook
Name \0: #REF!
Name \00: #REF!
Name \a: #REF!
Name \a: #REF!
Name \a: #REF!
Name \a: #REF!
Name \a: #REF!
Name \a: #REF!
Name \a: #REF!
Name \a: #REF!
Name \a: #REF!
Name \a: #REF!
Name \a: #REF!
Name \a: #REF!
Name \a: #REF!
Name \a: #REF!
Name \a: #REF!
Name \a: #REF!
Name \a: #REF!
Name \a: #REF!
Name \AA: [1]LIQUIDACION!#REF!
Name \b: [2]STRSUMM0!#REF!
Name \bb: [2]STRSUMM0!#REF!
Name \E: #REF!
Name \EE: #REF!
Name \G: #REF!
Name \k: '[3]7422CW00'!#REF!
Name \l: [4]STRSUMM0!#REF!
Name \M: #REF!
Name \ñ: '[5]7422CW00'!#REF!
Name \P: #REF!
Name \R: #REF!
Name \s: #REF!
Name \s: #REF!
Name \s: #REF!
Name \s: #REF!
Name \s: #REF!
Name \s: #REF!
Name \s: #REF!
Name \s: #REF!
Name \s: #REF!
Name \s: #REF!
Name \s: #REF!
Name \s: #REF!
Name \s: #REF!
Name \s: #REF!
Name \s: #REF!
Name \s: #REF!
Name \s: #REF!
Name \s: #REF!
Name \V: #REF!
Name \X: 'APU 1.1'!ERR
Name \X: 'APU 1.10'!ERR
Name \X: 'APU 1.11'!ERR
Name \X: 'APU 1.12'!ERR
Name \X: 'APU 1.13'!ERR
Name \X: 'APU 1.2'!ERR
Name \X: 'APU 1.3'!ERR
Name \X: 'APU 1.4'!ERR
Name \X: 'APU 1.5'!ERR

Sheet PRESUPUESTO OFICIAL (Entidad)
C3: Formulario 1 - Propuesta económica - Documento tipo de licitación de obra pública de infraestructura de transporte - versión 4
C4: Código | D4: CCE-EICP-FM-14 | E4: Versión | F4: 4
C5: FORMULARIO 1
C6: PRESUPUESTO OFICIAL
C7: [La entidad puede utilizar este formulario de detalle del presupuesto oficial para determinar las condiciones bajo las cuales los proponentes analizarán y presentarán su propuesta económica de forma detallada, sin perjuicio que la entidad pueda modificarlo o establecer la presentación de la oferta económica con un formulario distinto al indicado.]
C9: Adicionalmente, cuando el proceso de contratación es estructurado por precios unitarios, la Entidad debe aplicar las notas 1, 2 y 3 del presente formulario y las casillas de "Descripción", "Porcentaje" de la Administración, Imprevisto, Utilidad y total A.I.U. resaltadas en color amarillo. Tratándose de otras modalidades de precio, la Entidad puede o no configurar los mismos aspectos.
C11: Nº | D11: ÍTEM DE PAGO | E11: ESPECIFICACIONES | G11: DESCRIPCIÓN | H11: UND. | I11: CANTIDAD | J11: VALOR UNITARIO | K11: VALOR TOTAL
E12: GENERAL | F12: PARTICULAR
J36: PAGA
J37: PTM
J38: CARACTERIZACION
G40: SUBTOTAL OBRAS (INCLUYE IVA)
G42: VALOR TOTAL
C45: NOTA 1: Se debe tener en cuenta que el PRECIO UNITARIO incluye el valor de A.I.U. | H45: DESCRIPCION | K45: PORCENTAJE
C46: NOTA 2: Cuando la fracción decimal del peso sea igual o superior a 5 se aproximará por exceso al número entero siguiente del peso y cuando la fracción decimal del peso sea inferior a 5 se aproximará por defecto al número entero del peso. | H46: ADMINISTRACIÓN | J46: A=
C47: NOTA 3: El A.I.U y su discriminación deben estar en porcentaje (%). | H47: IMPREVISTO | J47: I=
H48: UTILIDAD | J48: U=
H49: TOTAL A.I.U | J49: A.I.U.=

Sheet PROPUESTA ECONOMICA(Proponente)
C3: Formulario 1 - Propuesta económica - Documento tipo de licitación de obra pública de infraestructura de transporte - versión 4
C4: Código | D4: CCE-EICP-FM-14 | E4: Versión | F4: 4
C5: FORMULARIO 1
C6: PROPUESTA ECONÓMICA
C7: [La entidad puede utilizar este formulario de presentación de propuesta económica de forma detallada, sin perjuicio que la entidad pueda modificarlo o establecer la presentación de la oferta económica con un formulario distinto al indicado.] [Los proponentes emplearán el formulario establecido por la entidad para determinar su propuesta económica conforme al Formulario 1 - Presupuesto Oficial publicado por la Entidad]
C9: Cuando el proceso de contratación es estructurado por precios unitarios, la Entidad debe aplicar las notas 1, 2 y 3 del presente formato y las casillas de "Descripción", "Porcentaje" de la Administración, Imprevisto, Utilidad y total A.I.U. resaltadas en color amarillo.
C11: Nº | D11: ÍTEM DE PAGO | E11: ESPECIFICACIONES | G11: DESCRIPCIÓN | H11: UND. | I11: CANTIDAD | J11: VALOR UNITARIO | K11: VALOR TOTAL
E12: GENERAL | F12: PARTICULAR
C13: 1 | G13: PLACA HUELLA | J13: TIPO: | K13: OBRA PUBLICA
C34: SUBTOTAL OBRAS | K34: =K33+K27 -> 0
J36: PAGA
J37: PTM
J38: CARACTERIZACION
G39: TOTAL OBRA | K39: =K34+K36+K37+K38 -> 0
G40: SUBTOTAL OBRAS (INCLUYE IVA)
G44: VALOR TOTAL | K44: =K39 -> 0
C47: NOTA 1: Se debe tener en cuenta que el PRECIO UNITARIO incluye el valor de A.I.U. | H47: DESCRIPCIÓN | K47: PORCENTAJE
C48: NOTA 2: Cuando la fracción decimal del peso sea igual o superior a 5 se aproximara por exceso al número entero siguiente del peso y cuando la fracción decimal del peso sea inferior a 5 se aproximará por defecto al número entero del peso. | H48: ADMINISTRACIÓN | J48: A=
C49: NOTA 3: El A.I.U y su discriminación deben estar en porcentaje (%). | H49: IMPREVISTO | J49: I=
H50: UTILIDAD | J50: U=
H51: TOTAL A.I.U | J51: A.I.U.=
G54: Firma del Proponente o de su Representante Legal

Sheet APU 1.1
C3: Formulario 1 - Propuesta económica - Documento tipo de licitación de obra pública de infraestructura de transporte - versión 4
C4: Código | D4: CCE-EICP-FM-14 | E4: Versión | F4: 4
C6: [La entidad podrá utilizar este formato para la presentación de los análisis de precios unitarios del contratista en la oportunidad prevista en el numeral 8.1. del Documento Base]
D9: MUNICIPIO DE ARCABUCO
L10: VERSIÓN
D11: LP-MA-001-2026
L12: PÁGINA | M12: 1 | N12: DE | O12: 1
D14: ANALISIS DE PRECIOS UNITARIOS
L16: FECHA | M16: DD | N16: MM | O16: AA
C18: ÍTEMS DE LA PROPUESTA ECONÓMICA | I18: ÍTEMS NO PREVISTOS
C22: DATOS ESPECÍFICOS
C24: ÍTEM | D24: DESCRIPCIÓN | M24: UNIDAD | O24: CANTIDAD
C25: ='PRESUPUESTO OFICIAL (Entidad)'!D14 -> 0 | D25: ='PRESUPUESTO OFICIAL (Entidad)'!G14 -> 0 | M25: ='PRESUPUESTO OFICIAL (Entidad)'!H14 -> 0 | O25: ='PRESUPUESTO OFICIAL (Entidad)'!I14 -> 0
C26: I. EQUIPO
C29: DESCRIPCIÓN | H29: MARCA | J29: TIPO | L29: TARIFA/HORA | M29: RENDIMIENTO | O29: Vr. UNITARIO
C30: ='[115]2-APU'!D25 -> HERRAMIENTA Y EQUIPO MENOR (%M.O.) | J30: ='[115]2-APU'!G25 -> % | L30: =O56 -> 3398697.5 | M30: ='[115]2-APU'!I25 -> 0.05 | O30: =ROUND(L30*M30,2) -> 169934.87
C31: ='[115]2-APU'!D26 -> EQUIPO DE TOPOGRAFÍA (ESTACION TOTAL, NIVEL Y ACCESORIOS) | J31: ='[115]2-APU'!G26 -> HORA | L31: ='[115]2-APU'!H26 -> 18745 | M31: ='[115]2-APU'!I26 -> 24 | O31: =ROUND(L31*M31,2) -> 449880
O32: =ROUND(L32*M32,2) -> 0
C33: SUBTOTAL $ | O33: =SUM(O30:O32) -> 619814.87
C34: II. MATERIALES
C37: DESCRIPCIÓN | K37: UNIDAD | L37: CANTIDAD | M37: PRECIO UNIT. | O37: Vr. UNITARIO
C38: ='[115]2-APU'!D19 -> PINTURA Y ESTACAS | K38: ='[115]2-APU'!G19 -> GLB | L38: 1 | M38: 30488 | O38: =ROUND(L38*M38,2) -> 30488
O39: =ROUND(L39*M39,2) -> 0
C40: SUBTOTAL $ | O40: =SUM(O38:O39) -> 30488
C41: III. TRANSPORTES
C44: MATERIAL | J44: VOL. o PESO | K44: DISTANCIA | L44: M3 o Ton/Km | M44: TARIFA | O44: Vr. UNITARIO
C47: SUBTOTAL $
C48: IV. MANO DE OBRA
C51: TRABAJADOR | J51: JORNAL | K51: PRESTACIONES | L51: JORNAL TOTAL | M51: RENDIMIENTO | O51: Vr. UNITARIO
C52: ='[115]2-APU'!$D32 -> CUADRILLA DE TOPOGRAFÍA (II) | L52: ='[115]2-APU'!H32 -> 94408.263 | M52: ='[115]2-APU'!$I$32 -> 36 | O52: =ROUND(L52*M52,2) -> 3398697.5
C56: SUBTOTAL $ | O56: =SUM(O52:O55) -> 3398697.5
C58: TOTAL COSTO DIRECTO $ | O58: =O56+O47+O40+O33 -> 4049000.3
C60: INCREMENTO POR DISTANCIA (F.I.D) | M60: 0 | O60: =O58*M60 -> 0
C61: TOTAL COSTO DIRECTO + INCREMENTO POR DISTANCIA $ | O61: =O58+O60 -> 4049000.3
C62: V. COSTOS INDIRECTOS
C65: Descripción | L65: Porcentaje | O65: Valor Total
C66: ADMINISTRACION | L66: 0.25 | O66: =O61*L66 -> 1012250.1
C67: IMPREVISTOS | L67: 0.03 | O67: =O61*L67 -> 121470.01
C68: UTILIDAD | L68: 0.02 | O68: =O61*L68 -> 80980.007
C69: SUBTOTAL $ | O69: =SUM(O66:O68) -> 1214700.1
C71: Precio Unitario Total Aproximado al peso $ | O71: =O61+O69 -> 5263700.4
H75: Firma
H76: Nombre:
H77: Representante Legal del Contratista o su Apoderado
H78: Matricula No. :
C80: OBSERVACIONES INTERVENTORÍA
C84: APROBACIÓN POR INTERVENTORÍA
C85: Nota 1: Cuando se trate de Análisis de precios unitarios correspondientes a ítems de la propuesta económica aprobada, el Interventor aprueba el desglose de los componentes manteniendo el mismo precio unitario de cada ítem, cumpliendo con las especificaciones de construcción vigentes para el proyecto.
C87: Nota 2: Cuando se trate de Análisis de precios unitarios de ítems no previstos, el Interventor aprueba el desglose y precio unitario de cada ítem no previsto, exigiendo la aplicación de los costos correspondientes a insumos y tarifas de la propuesta económica inicial cuando estén contemplados, cumpliendo con las especificaciones de construcción vigente para el proyecto.
H90: Firma
H91: Nombre:
H92: Representante Legal del Interventor o su Apoderado
H93: Matricula No. :

Sheet APU 1.2
C3: Formulario 1 - Propuesta económica - Documento tipo de licitación de obra pública de infraestructura de transporte - versión 4
C4: Código | D4: CCE-EICP-FM-14 | E4: Versión | F4: 4
C6: [La entidad podrá utilizar este formato para la presentación de los análisis de precios unitarios del contratista en la oportunidad prevista en el numeral 8.1. del Documento Base]
D9: MUNICIPIO DE ARCABUCO
L10: VERSIÓN
D11: LP-MA-001-2026
L12: PÁGINA | M12: 1 | N12: DE | O12: 1
D14: ANALISIS DE PRECIOS UNITARIOS
L16: FECHA | M16: DD | N16: MM | O16: AA
C18: ÍTEMS DE LA PROPUESTA ECONÓMICA | I18: ÍTEMS NO PREVISTOS
C22: DATOS ESPECÍFICOS
C24: ÍTEM | D24: DESCRIPCIÓN | M24: UNIDAD | O24: CANTIDAD
C25: ='PRESUPUESTO OFICIAL (Entidad)'!D15 -> 0 | D25: ='PRESUPUESTO OFICIAL (Entidad)'!G15 -> 0 | M25: ='PRESUPUESTO OFICIAL (Entidad)'!H15 -> 0 | O25: ='PRESUPUESTO OFICIAL (Entidad)'!I15 -> 0
C26: I. EQUIPO
C29: DESCRIPCIÓN | H29: MARCA | J29: TIPO | L29: TARIFA/HORA | M29: RENDIMIENTO | O29: Vr. UNITARIO
C30: ='[115]2-APU'!D75 -> HERRAMIENTA Y EQUIPO MENOR (%M.O.) | J30: % | L30: =O56 -> 935.19 | M30: ='[115]2-APU'!I75 -> 0.05 | O30: =ROUND(L30*M30,2) -> 46.76
C31: ='[115]2-APU'!D26 -> EQUIPO DE TOPOGRAFÍA (ESTACION TOTAL, NIVEL Y ACCESORIOS) | J31: HORA | L31: ='[115]2-APU'!H76 -> 154625 | M31: ='[115]2-APU'!I76 -> 0.08 | O31: =ROUND(L31*M31,2) -> 12370
O32: =ROUND(L32*M32,2) -> 0
C33: SUBTOTAL $ | O33: =SUM(O30:O32) -> 12416.76
C34: II. MATERIALES
C37: DESCRIPCIÓN | K37: UNIDAD | L37: CANTIDAD | M37: PRECIO UNIT. | O37: Vr. UNITARIO
C40: SUBTOTAL $ | O40: =SUM(O38:O39) -> 0
C41: III. TRANSPORTES
C44: MATERIAL | J44: VOL. o PESO | K44: DISTANCIA | L44: M3 o Ton/Km | M44: TARIFA | O44: Vr. UNITARIO
C45: ='[115]2-APU'!$D90 -> VOLQUETA | L45: 1.3 | M45: ='[115]2-APU'!$H$90 -> 10464 | O45: =ROUND(L45*M45,2) -> 13603.2
C47: SUBTOTAL $ | O47: =SUM(O45:O46) -> 13603.2
C48: IV. MANO DE OBRA
C51: TRABAJADOR | J51: JORNAL | K51: PRESTACIONES | L51: JORNAL TOTAL | M51: RENDIMIENTO | O51: Vr. UNITARIO
C52: ='[115]2-APU'!$D82 -> AYUDANTE (AA) | L52: ='[115]2-APU'!H82 -> 11689.877 | M52: ='[115]2-APU'!$I$82 -> 0.08 | O52: =ROUND(L52*M52,2) -> 935.19
C56: SUBTOTAL $ | O56: =SUM(O52:O55) -> 935.19
C58: TOTAL COSTO DIRECTO $ | O58: =O56+O47+O40+O33 -> 26955.15
C60: INCREMENTO POR DISTANCIA (F.I.D) | M60: 0 | O60: =O58*M60 -> 0
C61: TOTAL COSTO DIRECTO + INCREMENTO POR DISTANCIA $ | O61: =O58+O60 -> 26955.15
C62: V. COSTOS INDIRECTOS
C65: Descripción | L65: Porcentaje | O65: Valor Total
C66: ADMINISTRACION | L66: 0.25 | O66: =O61*L66 -> 6738.7875
C67: IMPREVISTOS | L67: 0.03 | O67: =O61*L67 -> 808.6545
C68: UTILIDAD | L68: 0.02 | O68: =O61*L68 -> 539.103
C69: SUBTOTAL $ | O69: =SUM(O66:O68) -> 8086.545
C71: Precio Unitario Total Aproximado al peso $ | O71: =O61+O69 -> 35041.695
H75: Firma
H76: Nombre:
H77: Representante Legal del Contratista o su Apoderado
H78: Matricula No. :
C80: OBSERVACIONES INTERVENTORÍA
C84: APROBACIÓN POR INTERVENTORÍA
C85: Nota 1: Cuando se trate de Análisis de precios unitarios correspondientes a ítems de la propuesta económica aprobada, el Interventor aprueba el desglose de los componentes manteniendo el mismo precio unitario de cada ítem, cumpliendo con las especificaciones de construcción vigentes para el proyecto.
C87: Nota 2: Cuando se trate de Análisis de precios unitarios de ítems no previstos, el Interventor aprueba el desglose y precio unitario de cada ítem no previsto, exigiendo la aplicación de los costos correspondientes a insumos y tarifas de la propuesta económica inicial cuando estén contemplados, cumpliendo con las especificaciones de construcción vigente para el proyecto.
H90: Firma
H91: Nombre:
H92: Representante Legal del Interventor o su Apoderado
H93: Matricula No. :

Sheet APU 1.3
C3: Formulario 1 - Propuesta económica - Documento tipo de licitación de obra pública de infraestructura de transporte - versión 4
C4: Código | D4: CCE-EICP-FM-14 | E4: Versión | F4: 4
C6: [La entidad podrá utilizar este formato para la presentación de los análisis de precios unitarios del contratista en la oportunidad prevista en el numeral 8.1. del Documento Base]
D9: MUNICIPIO DE ARCABUCO
L10: VERSIÓN
D11: LP-MA-001-2026
L12: PÁGINA | M12: 1 | N12: DE | O12: 1
D14: ANALISIS DE PRECIOS UNITARIOS
L16: FECHA | M16: DD | N16: MM | O16: AA
C18: ÍTEMS DE LA PROPUESTA ECONÓMICA | I18: ÍTEMS NO PREVISTOS
C22: DATOS ESPECÍFICOS
C24: ÍTEM | D24: DESCRIPCIÓN | M24: UNIDAD | O24: CANTIDAD
C25: ='PRESUPUESTO OFICIAL (Entidad)'!D16 -> 0 | D25: ='PRESUPUESTO OFICIAL (Entidad)'!G16 -> 0 | M25: ='PRESUPUESTO OFICIAL (Entidad)'!H16 -> 0 | O25: ='PRESUPUESTO OFICIAL (Entidad)'!I16 -> 0
C26: I. EQUIPO
C29: DESCRIPCIÓN | H29: MARCA | J29: TIPO | L29: TARIFA/HORA | M29: RENDIMIENTO | O29: Vr. UNITARIO
C30: ='[115]2-APU'!D25 -> HERRAMIENTA Y EQUIPO MENOR (%M.O.) | J30: ='[115]2-APU'!G25 -> % | L30: =O57 -> 4675.95 | M30: ='[115]2-APU'!I25 -> 0.05 | O30: =ROUND(L30*M30,2) -> 233.8
C31: ='[115]2-APU'!D142 -> CARROTANQUE DE AGUA (CAPACIDAD 1000 GL) | J31: HORA | L31: ='[115]2-APU'!H142 -> 132939 | M31: ='[115]2-APU'!I142 -> 0.016 | O31: =ROUND(L31*M31,2) -> 2127.02
C32: ='[115]2-APU'!D26 -> EQUIPO DE TOPOGRAFÍA (ESTACION TOTAL, NIVEL Y ACCESORIOS) | J32: ='[115]2-APU'!G26 -> HORA | L32: ='[115]2-APU'!H143 -> 198419 | M32: ='[115]2-APU'!I143 -> 0.007 | O32: =ROUND(L32*M32,2) -> 1388.93
J33: HORA | L33: ='[115]2-APU'!H144 -> 169318 | M33: ='[115]2-APU'!I144 -> 0.007 | O33: =ROUND(L33*M33,2) -> 1185.23
C34: SUBTOTAL $ | O34: =SUM(O30:O33) -> 4934.98
C35: II. MATERIALES
C38: DESCRIPCIÓN | K38: UNIDAD | L38: CANTIDAD | M38: PRECIO UNIT. | O38: Vr. UNITARIO
C39: ='[115]2-APU'!D135 -> AGUA | K39: ='[115]2-APU'!G135 -> L | L39: ='[115]2-APU'!I135 -> 1 | M39: ='[115]2-APU'!H135 -> 3.65 | O39: =ROUND(L39*M39,2) -> 3.65
O40: =ROUND(L40*M40,2) -> 0
C41: SUBTOTAL $ | O41: =SUM(O39:O40) -> 3.65
C42: III. TRANSPORTES
C45: MATERIAL | J45: VOL. o PESO | K45: DISTANCIA | L45: M3 o Ton/Km | M45: TARIFA | O45: Vr. UNITARIO
C48: SUBTOTAL $
C49: IV. MANO DE OBRA
C52: TRABAJADOR | J52: JORNAL | K52: PRESTACIONES | L52: JORNAL TOTAL | M52: RENDIMIENTO | O52: Vr. UNITARIO
C53: ='[115]2-APU'!$D149 -> CUADRILLA DE ALBAÑILERIA (AA) | L53: ='[115]2-APU'!H149 -> 29224.692 | M53: ='[115]2-APU'!I149 -> 0.16 | O53: =ROUND(L53*M53,2) -> 4675.95
C57: SUBTOTAL $ | O57: =SUM(O53:O56) -> 4675.95
C59: TOTAL COSTO DIRECTO $ | O59: =O57+O48+O41+O34 -> 9614.58
C61: INCREMENTO POR DISTANCIA (F.I.D) | M61: 0 | O61: =O59*M61 -> 0
C62: TOTAL COSTO DIRECTO + INCREMENTO POR DISTANCIA $ | O62: =O59+O61 -> 9614.58
C63: V. COSTOS INDIRECTOS
C66: Descripción | L66: Porcentaje | O66: Valor Total
C67: ADMINISTRACION | L67: 0.25 | O67: =O62*L67 -> 2403.645
C68: IMPREVISTOS | L68: 0.03 | O68: =O62*L68 -> 288.4374
C69: UTILIDAD | L69: 0.02 | O69: =O62*L69 -> 192.2916
C70: SUBTOTAL $ | O70: =SUM(O67:O69) -> 2884.374
C72: Precio Unitario Total Aproximado al peso $ | O72: =O62+O70 -> 12498.954
H76: Firma
H77: Nombre:
H78: Representante Legal del Contratista o su Apoderado
H79: Matricula No. :
C81: OBSERVACIONES INTERVENTORÍA
C85: APROBACIÓN POR INTERVENTORÍA
C86: Nota 1: Cuando se trate de Análisis de precios unitarios correspondientes a ítems de la propuesta económica aprobada, el Interventor aprueba el desglose de los componentes manteniendo el mismo precio unitario de cada ítem, cumpliendo con las especificaciones de construcción vigentes para el proyecto.
C88: Nota 2: Cuando se trate de Análisis de precios unitarios de ítems no previstos, el Interventor aprueba el desglose y precio unitario de cada ítem no previsto, exigiendo la aplicación de los costos correspondientes a insumos y tarifas de la propuesta económica inicial cuando estén contemplados, cumpliendo con las especificaciones de construcción vigente para el proyecto.
H91: Firma
H92: Nombre:
H93: Representante Legal del Interventor o su Apoderado
H94: Matricula No. :

Sheet APU 1.4
C3: Formulario 1 - Propuesta económica - Documento tipo de licitación de obra pública de infraestructura de transporte - versión 4
C4: Código | D4: CCE-EICP-FM-14 | E4: Versión | F4: 4
C6: [La entidad podrá utilizar este formato para la presentación de los análisis de precios unitarios del contratista en la oportunidad prevista en el numeral 8.1. del Documento Base]
D9: MUNICIPIO DE ARCABUCO
L10: VERSIÓN
D11: LP-MA-001-2026
L12: PÁGINA | M12: 1 | N12: DE | O12: 1
D14: ANALISIS DE PRECIOS UNITARIOS
L16: FECHA | M16: DD | N16: MM | O16: AA
C18: ÍTEMS DE LA PROPUESTA ECONÓMICA | I18: ÍTEMS NO PREVISTOS
C22: DATOS ESPECÍFICOS
C24: ÍTEM | D24: DESCRIPCIÓN | M24: UNIDAD | O24: CANTIDAD
C25: ='PRESUPUESTO OFICIAL (Entidad)'!D17 -> 0 | D25: ='PRESUPUESTO OFICIAL (Entidad)'!G17 -> 0 | M25: ='PRESUPUESTO OFICIAL (Entidad)'!H17 -> 0 | O25: ='PRESUPUESTO OFICIAL (Entidad)'!I17 -> 0
C26: I. EQUIPO
C29: DESCRIPCIÓN | H29: MARCA | J29: TIPO | L29: TARIFA/HORA | M29: RENDIMIENTO | O29: Vr. UNITARIO
C30: ='[115]2-APU'!D205 -> CARROTANQUE DE AGUA (CAPACIDAD 1000 GL) | J30: HORA | L30: ='[115]2-APU'!H205 -> 132939 | M30: ='[115]2-APU'!I205 -> 0.05 | O30: =ROUND(L30*M30,2) -> 6646.95
C31: ='[115]2-APU'!D206 -> MOTONIVELADORA POTENCIA MINIMA 120 HP Y MAX 215 HP | J31: ='[115]2-APU'!G26 -> HORA | L31: ='[115]2-APU'!H206 -> 198419 | M31: ='[115]2-APU'!I206 -> 0.06 | O31: =ROUND(L31*M31,2) -> 11905.14
C32: ='[115]2-APU'!D207 -> VIBROCOMPACTADOR DE RODILLO LISO (CAPACIDAD MÍNIMA DE 15 TON.) | J32: HORA | L32: ='[115]2-APU'!H207 -> 169318 | M32: ='[115]2-APU'!I207 -> 0.065 | O32: =ROUND(L32*M32,2) -> 11005.67
C33: SUBTOTAL $ | O33: =SUM(O30:O32) -> 29557.76
C34: II. MATERIALES
C37: DESCRIPCIÓN | K37: UNIDAD | L37: CANTIDAD | M37: PRECIO UNIT. | O37: Vr. UNITARIO
C38: ='[115]2-APU'!D194 -> MATERIAL DE AFIRMADO NORMA INVIAS | K38: ='[115]2-APU'!G194 -> M3 | L38: ='[115]2-APU'!I194 -> 1.3 | M38: ='[115]2-APU'!H194 -> 48790 | O38: =ROUND(L38*M38,2) -> 63427
O39: =ROUND(L39*M39,2) -> 0
C40: SUBTOTAL $ | O40: =SUM(O38:O39) -> 63427
C41: III. TRANSPORTES
C44: MATERIAL | J44: VOL. o PESO | K44: DISTANCIA | L44: M3 o Ton/Km | M44: TARIFA | O44: Vr. UNITARIO
C45: ='[115]2-APU'!$D90 -> VOLQUETA | L45: 1.3 | M45: ='[115]2-APU'!H212 -> 10464 | O45: =ROUND(L45*M45,2) -> 13603.2
C47: SUBTOTAL $ | O47: =SUM(O45:O46) -> 13603.2
C48: IV. MANO DE OBRA
C51: TRABAJADOR | J51: JORNAL | K51: PRESTACIONES | L51: JORNAL TOTAL | M51: RENDIMIENTO | O51: Vr. UNITARIO
C52: ='[115]2-APU'!$D149 -> CUADRILLA DE ALBAÑILERIA (AA)
C56: SUBTOTAL $ | O56: =SUM(O52:O55) -> 0
C58: TOTAL COSTO DIRECTO $ | O58: =O56+O47+O40+O33 -> 106587.96
C60: INCREMENTO POR DISTANCIA (F.I.D) | M60: 0 | O60: =O58*M60 -> 0
C61: TOTAL COSTO DIRECTO + INCREMENTO POR DISTANCIA $ | O61: =O58+O60 -> 106587.96
C62: V. COSTOS INDIRECTOS
C65: Descripción | L65: Porcentaje | O65: Valor Total
C66: ADMINISTRACION | L66: 0.25 | O66: =O61*L66 -> 26646.99
C67: IMPREVISTOS | L67: 0.03 | O67: =O61*L67 -> 3197.6388
C68: UTILIDAD | L68: 0.02 | O68: =O61*L68 -> 2131.7592
C69: SUBTOTAL $ | O69: =SUM(O66:O68) -> 31976.388
C71: Precio Unitario Total Aproximado al peso $ | O71: =O61+O69 -> 138564.35
H75: Firma
H76: Nombre:
H77: Representante Legal del Contratista o su Apoderado
H78: Matricula No. :
C80: OBSERVACIONES INTERVENTORÍA
C84: APROBACIÓN POR INTERVENTORÍA
C85: Nota 1: Cuando se trate de Análisis de precios unitarios correspondientes a ítems de la propuesta económica aprobada, el Interventor aprueba el desglose de los componentes manteniendo el mismo precio unitario de cada ítem, cumpliendo con las especificaciones de construcción vigentes para el proyecto.
C87: Nota 2: Cuando se trate de Análisis de precios unitarios de ítems no previstos, el Interventor aprueba el desglose y precio unitario de cada ítem no previsto, exigiendo la aplicación de los costos correspondientes a insumos y tarifas de la propuesta económica inicial cuando estén contemplados, cumpliendo con las especificaciones de construcción vigente para el proyecto.
H90: Firma
H91: Nombre:
H92: Representante Legal del Interventor o su Apoderado
H93: Matricula No. :

Sheet APU 1.5
C3: Formulario 1 - Propuesta económica - Documento tipo de licitación de obra pública de infraestructura de transporte - versión 4
C4: Código | D4: CCE-EICP-FM-14 | E4: Versión | F4: 4
C6: [La entidad podrá utilizar este formato para la presentación de los análisis de precios unitarios del contratista en la oportunidad prevista en el numeral 8.1. del Documento Base]
D9: MUNICIPIO DE ARCABUCO
L10: VERSIÓN
D11: LP-MA-001-2026
L12: PÁGINA | M12: 1 | N12: DE | O12: 1
D14: ANALISIS DE PRECIOS UNITARIOS
L16: FECHA | M16: DD | N16: MM | O16: AA
C18: ÍTEMS DE LA PROPUESTA ECONÓMICA | I18: ÍTEMS NO PREVISTOS
C22: DATOS ESPECÍFICOS
C24: ÍTEM | D24: DESCRIPCIÓN | M24: UNIDAD | O24: CANTIDAD
C25: ='PRESUPUESTO OFICIAL (Entidad)'!D18 -> 0 | D25: ='PRESUPUESTO OFICIAL (Entidad)'!G18 -> 0 | M25: ='PRESUPUESTO OFICIAL (Entidad)'!H18 -> 0 | O25: ='PRESUPUESTO OFICIAL (Entidad)'!I18 -> 0
C26: I. EQUIPO
C29: DESCRIPCIÓN | H29: MARCA | J29: TIPO | L29: TARIFA/HORA | M29: RENDIMIENTO | O29: Vr. UNITARIO
C30: ='[115]2-APU'!D263 -> CARROTANQUE DE AGUA (CAPACIDAD 1000 GL) | J30: HORA | L30: ='[115]2-APU'!H263 -> 132939 | M30: ='[115]2-APU'!I263 -> 0.05 | O30: =ROUND(L30*M30,2) -> 6646.95
C31: ='[115]2-APU'!D264 -> MOTONIVELADORA POTENCIA MINIMA 120 HP Y MAX 215 HP | J31: ='[115]2-APU'!G26 -> HORA | L31: ='[115]2-APU'!H264 -> 198419 | M31: ='[115]2-APU'!I264 -> 0.07 | O31: =ROUND(L31*M31,2) -> 13889.33
C32: ='[115]2-APU'!D265 -> VIBROCOMPACTADOR DE RODILLO LISO (CAPACIDAD MÍNIMA DE 15 TON.) | J32: HORA | L32: ='[115]2-APU'!H265 -> 169318 | M32: ='[115]2-APU'!I265 -> 0.07 | O32: =ROUND(L32*M32,2) -> 11852.26
C33: SUBTOTAL $ | O33: =SUM(O30:O32) -> 32388.54
C34: II. MATERIALES
C37: DESCRIPCIÓN | K37: UNIDAD | L37: CANTIDAD | M37: PRECIO UNIT. | O37: Vr. UNITARIO
C38: ='[115]2-APU'!D257 -> MATERIAL DE SUB-BASE GRANULAR No. 4 SBG-4 | K38: ='[115]2-APU'!G257 -> M3 | L38: ='[115]2-APU'!I257 -> 1.3 | M38: ='[115]2-APU'!H257 -> 68425 | O38: =ROUND(L38*M38,2) -> 88952.5
O39: =ROUND(L39*M39,2) -> 0
C40: SUBTOTAL $ | O40: =SUM(O38:O39) -> 88952.5
C41: III. TRANSPORTES
C44: MATERIAL | J44: VOL. o PESO | K44: DISTANCIA | L44: M3 o Ton/Km | M44: TARIFA | O44: Vr. UNITARIO
C45: ='[115]2-APU'!$D90 -> VOLQUETA | L45: 1.3 | M45: ='[115]2-APU'!H212 -> 10464 | O45: =ROUND(L45*M45,2) -> 13603.2
C47: SUBTOTAL $ | O47: =SUM(O45:O46) -> 13603.2
C48: IV. MANO DE OBRA
C51: TRABAJADOR | J51: JORNAL | K51: PRESTACIONES | L51: JORNAL TOTAL | M51: RENDIMIENTO | O51: Vr. UNITARIO
C52: ='[115]2-APU'!$D270 -> AYUDANTE (AA) | L52: ='[115]2-APU'!H270 -> 6764.5837 | M52: ='[115]2-APU'!I270 -> 0.8 | O52: =ROUND(L52*M52,2) -> 5411.67
C56: SUBTOTAL $ | O56: =SUM(O52:O55) -> 5411.67
C58: TOTAL COSTO DIRECTO $ | O58: =O56+O47+O40+O33 -> 140355.91
C60: INCREMENTO POR DISTANCIA (F.I.D) | M60: 0 | O60: =O58*M60 -> 0
C61: TOTAL COSTO DIRECTO + INCREMENTO POR DISTANCIA $ | O61: =O58+O60 -> 140355.91
C62: V. COSTOS INDIRECTOS
C65: Descripción | L65: Porcentaje | O65: Valor Total
C66: ADMINISTRACION | L66: 0.25 | O66: =O61*L66 -> 35088.978
C67: IMPREVISTOS | L67: 0.03 | O67: =O61*L67 -> 4210.6773
C68: UTILIDAD | L68: 0.02 | O68: =O61*L68 -> 2807.1182
C69: SUBTOTAL $ | O69: =SUM(O66:O68) -> 42106.773
C71: Precio Unitario Total Aproximado al peso $ | O71: =O61+O69 -> 182462.68
H75: Firma
H76: Nombre:
H77: Representante Legal del Contratista o su Apoderado
H78: Matricula No. :
C80: OBSERVACIONES INTERVENTORÍA
C84: APROBACIÓN POR INTERVENTORÍA
C85: Nota 1: Cuando se trate de Análisis de precios unitarios correspondientes a ítems de la propuesta económica aprobada, el Interventor aprueba el desglose de los componentes manteniendo el mismo precio unitario de cada ítem, cumpliendo con las especificaciones de construcción vigentes para el proyecto.
C87: Nota 2: Cuando se trate de Análisis de precios unitarios de ítems no previstos, el Interventor aprueba el desglose y precio unitario de cada ítem no previsto, exigiendo la aplicación de los costos correspondientes a insumos y tarifas de la propuesta económica inicial cuando estén contemplados, cumpliendo con las especificaciones de construcción vigente para el proyecto.
H90: Firma
H91: Nombre:
H92: Representante Legal del Interventor o su Apoderado
H93: Matricula No. :

Sheet APU 1.6
C3: Formulario 1 - Propuesta económica - Documento tipo de licitación de obra pública de infraestructura de transporte - versión 4
C4: Código | D4: CCE-EICP-FM-14 | E4: Versión | F4: 4
C6: [La entidad podrá utilizar este formato para la presentación de los análisis de precios unitarios del contratista en la oportunidad prevista en el numeral 8.1. del Documento Base]
D9: MUNICIPIO DE ARCABUCO
L10: VERSIÓN
D11: LP-MA-001-2026
L12: PÁGINA | M12: 1 | N12: DE | O12: 1
D14: ANALISIS DE PRECIOS UNITARIOS
L16: FECHA | M16: DD | N16: MM | O16: AA
C18: ÍTEMS DE LA PROPUESTA ECONÓMICA | I18: ÍTEMS NO PREVISTOS
C22: DATOS ESPECÍFICOS
C24: ÍTEM | D24: DESCRIPCIÓN | M24: UNIDAD | O24: CANTIDAD
C25: ='PRESUPUESTO OFICIAL (Entidad)'!D19 -> 0 | D25: ='PRESUPUESTO OFICIAL (Entidad)'!G19 -> 0 | M25: ='PRESUPUESTO OFICIAL (Entidad)'!H19 -> 0 | O25: ='PRESUPUESTO OFICIAL (Entidad)'!I19 -> 0
C26: I. EQUIPO
C29: DESCRIPCIÓN | H29: MARCA | J29: TIPO | L29: TARIFA/HORA | M29: RENDIMIENTO | O29: Vr. UNITARIO
C33: SUBTOTAL $ | O33: =SUM(O30:O32) -> 0
C34: II. MATERIALES
C37: DESCRIPCIÓN | K37: UNIDAD | L37: CANTIDAD | M37: PRECIO UNIT. | O37: Vr. UNITARIO
O39: =ROUND(L39*M39,2) -> 0
C40: SUBTOTAL $ | O40: =SUM(O38:O39) -> 0
C41: III. TRANSPORTES
C44: MATERIAL | J44: VOL. o PESO | K44: DISTANCIA | L44: M3 o Ton/Km | M44: TARIFA | O44: Vr. UNITARIO
C45: ='[115]2-APU'!$D90 -> VOLQUETA | L45: 1.3 | M45: 2127 | O45: =ROUND(L45*M45,2) -> 2765.1
C47: SUBTOTAL $ | O47: =SUM(O45:O46) -> 2765.1
C48: IV. MANO DE OBRA
C51: TRABAJADOR | J51: JORNAL | K51: PRESTACIONES | L51: JORNAL TOTAL | M51: RENDIMIENTO | O51: Vr. UNITARIO
C56: SUBTOTAL $ | O56: =SUM(O52:O55) -> 0
C58: TOTAL COSTO DIRECTO $ | O58: =O56+O47+O40+O33 -> 2765.1
C60: INCREMENTO POR DISTANCIA (F.I.D) | M60: 0 | O60: =O58*M60 -> 0
C61: TOTAL COSTO DIRECTO + INCREMENTO POR DISTANCIA $ | O61: =O58+O60 -> 2765.1
C62: V. COSTOS INDIRECTOS
C65: Descripción | L65: Porcentaje | O65: Valor Total
C66: ADMINISTRACION | L66: 0.25 | O66: =O61*L66 -> 691.275
C67: IMPREVISTOS | L67: 0.03 | O67: =O61*L67 -> 82.953
C68: UTILIDAD | L68: 0.02 | O68: =O61*L68 -> 55.302
C69: SUBTOTAL $ | O69: =SUM(O66:O68) -> 829.53
C71: Precio Unitario Total Aproximado al peso $ | O71: =O61+O69 -> 3594.63
H75: Firma
H76: Nombre:
H77: Representante Legal del Contratista o su Apoderado
H78: Matricula No. :
C80: OBSERVACIONES INTERVENTORÍA
C84: APROBACIÓN POR INTERVENTORÍA
C85: Nota 1: Cuando se trate de Análisis de precios unitarios correspondientes a ítems de la propuesta económica aprobada, el Interventor aprueba el desglose de los componentes manteniendo el mismo precio unitario de cada ítem, cumpliendo con las especificaciones de construcción vigentes para el proyecto.
C87: Nota 2: Cuando se trate de Análisis de precios unitarios de ítems no previstos, el Interventor aprueba el desglose y precio unitario de cada ítem no previsto, exigiendo la aplicación de los costos correspondientes a insumos y tarifas de la propuesta económica inicial cuando estén contemplados, cumpliendo con las especificaciones de construcción vigente para el proyecto.
H90: Firma
H91: Nombre:
H92: Representante Legal del Interventor o su Apoderado
H93: Matricula No. :

Sheet APU 1.7
C3: Formulario 1 - Propuesta económica - Documento tipo de licitación de obra pública de infraestructura de transporte - versión 4
C4: Código | D4: CCE-EICP-FM-14 | E4: Versión | F4: 4
C6: [La entidad podrá utilizar este formato para la presentación de los análisis de precios unitarios del contratista en la oportunidad prevista en el numeral 8.1. del Documento Base]
D9: MUNICIPIO DE ARCABUCO
L10: VERSIÓN
D11: LP-MA-001-2026
L12: PÁGINA | M12: 1 | N12: DE | O12: 1
D14: ANALISIS DE PRECIOS UNITARIOS
L16: FECHA | M16: DD | N16: MM | O16: AA
C18: ÍTEMS DE LA PROPUESTA ECONÓMICA | I18: ÍTEMS NO PREVISTOS
C22: DATOS ESPECÍFICOS
C24: ÍTEM | D24: DESCRIPCIÓN | M24: UNIDAD | O24: CANTIDAD
C25: ='PRESUPUESTO OFICIAL (Entidad)'!D20 -> 0 | D25: ='PRESUPUESTO OFICIAL (Entidad)'!G20 -> 0 | M25: ='PRESUPUESTO OFICIAL (Entidad)'!H20 -> 0 | O25: ='PRESUPUESTO OFICIAL (Entidad)'!I20 -> 0
C26: I. EQUIPO
C29: DESCRIPCIÓN | H29: MARCA | J29: TIPO | L29: TARIFA/HORA | M29: RENDIMIENTO | O29: Vr. UNITARIO
C30: ='[115]2-APU'!D25 -> HERRAMIENTA Y EQUIPO MENOR (%M.O.) | J30: ='[115]2-APU'!G25 -> % | L30: =O57 -> 67216.79 | M30: ='[115]2-APU'!I25 -> 0.05 | O30: =ROUND(L30*M30,2) -> 3360.84
C34: SUBTOTAL $ | O34: =SUM(O30:O33) -> 3360.84
C35: II. MATERIALES
C38: DESCRIPCIÓN | K38: UNIDAD | L38: CANTIDAD | M38: PRECIO UNIT. | O38: Vr. UNITARIO
O40: =ROUND(L40*M40,2) -> 0
C41: SUBTOTAL $ | O41: =SUM(O39:O40) -> 0
C42: III. TRANSPORTES
C45: MATERIAL | J45: VOL. o PESO | K45: DISTANCIA | L45: M3 o Ton/Km | M45: TARIFA | O45: Vr. UNITARIO
C48: SUBTOTAL $
C49: IV. MANO DE OBRA
C52: TRABAJADOR | J52: JORNAL | K52: PRESTACIONES | L52: JORNAL TOTAL | M52: RENDIMIENTO | O52: Vr. UNITARIO
C53: ='[115]2-APU'!$D149 -> CUADRILLA DE ALBAÑILERIA (AA) | L53: ='[115]2-APU'!H149 -> 29224.692 | M53: ='[115]2-APU'!I371 -> 2.3 | O53: =ROUND(L53*M53,2) -> 67216.79
C57: SUBTOTAL $ | O57: =SUM(O53:O56) -> 67216.79
C59: TOTAL COSTO DIRECTO $ | O59: =O57+O48+O41+O34 -> 70577.63
C61: INCREMENTO POR DISTANCIA (F.I.D) | M61: 0 | O61: =O59*M61 -> 0
C62: TOTAL COSTO DIRECTO + INCREMENTO POR DISTANCIA $ | O62: =O59+O61 -> 70577.63
C63: V. COSTOS INDIRECTOS
C66: Descripción | L66: Porcentaje | O66: Valor Total
C67: ADMINISTRACION | L67: 0.25 | O67: =O62*L67 -> 17644.407
C68: IMPREVISTOS | L68: 0.03 | O68: =O62*L68 -> 2117.3289
C69: UTILIDAD | L69: 0.02 | O69: =O62*L69 -> 1411.5526
C70: SUBTOTAL $ | O70: =SUM(O67:O69) -> 21173.289
C72: Precio Unitario Total Aproximado al peso $ | O72: =O62+O70 -> 91750.919
H76: Firma
H77: Nombre:
H78: Representante Legal del Contratista o su Apoderado
H79: Matricula No. :
C81: OBSERVACIONES INTERVENTORÍA
C85: APROBACIÓN POR INTERVENTORÍA
C86: Nota 1: Cuando se trate de Análisis de precios unitarios correspondientes a ítems de la propuesta económica aprobada, el Interventor aprueba el desglose de los componentes manteniendo el mismo precio unitario de cada ítem, cumpliendo con las especificaciones de construcción vigentes para el proyecto.
C88: Nota 2: Cuando se trate de Análisis de precios unitarios de ítems no previstos, el Interventor aprueba el desglose y precio unitario de cada ítem no previsto, exigiendo la aplicación de los costos correspondientes a insumos y tarifas de la propuesta económica inicial cuando estén contemplados, cumpliendo con las especificaciones de construcción vigente para el proyecto.
H91: Firma
H92: Nombre:
H93: Representante Legal del Interventor o su Apoderado
H94: Matricula No. :

Sheet APU 1.8
C3: Formulario 1 - Propuesta económica - Documento tipo de licitación de obra pública de infraestructura de transporte - versión 4
C4: Código | D4: CCE-EICP-FM-14 | E4: Versión | F4: 4
C6: [La entidad podrá utilizar este formato para la presentación de los análisis de precios unitarios del contratista en la oportunidad prevista en el numeral 8.1. del Documento Base]
D9: MUNICIPIO DE ARCABUCO
L10: VERSIÓN
D11: LP-MA-001-2026
L12: PÁGINA | M12: 1 | N12: DE | O12: 1
D14: ANALISIS DE PRECIOS UNITARIOS
L16: FECHA | M16: DD | N16: MM | O16: AA
C18: ÍTEMS DE LA PROPUESTA ECONÓMICA | I18: ÍTEMS NO PREVISTOS
C22: DATOS ESPECÍFICOS
C24: ÍTEM | D24: DESCRIPCIÓN | M24: UNIDAD | O24: CANTIDAD
C25: ='PRESUPUESTO OFICIAL (Entidad)'!D21 -> 0 | D25: ='PRESUPUESTO OFICIAL (Entidad)'!G21 -> 0 | M25: ='PRESUPUESTO OFICIAL (Entidad)'!H21 -> 0 | O25: ='PRESUPUESTO OFICIAL (Entidad)'!I21 -> 0
C26: I. EQUIPO
C29: DESCRIPCIÓN | H29: MARCA | J29: TIPO | L29: TARIFA/HORA | M29: RENDIMIENTO | O29: Vr. UNITARIO
C30: ='[115]2-APU'!D25 -> HERRAMIENTA Y EQUIPO MENOR (%M.O.) | J30: ='[115]2-APU'!G25 -> % | L30: =O58 -> 2454.87 | M30: ='[115]2-APU'!I25 -> 0.05 | O30: =ROUND(L30*M30,2) -> 122.74
C34: SUBTOTAL $ | O34: =SUM(O30:O33) -> 122.74
C35: II. MATERIALES
C38: DESCRIPCIÓN | K38: UNIDAD | L38: CANTIDAD | M38: PRECIO UNIT. | O38: Vr. UNITARIO
C39: ='[115]2-APU'!D416 -> ALAMBRE NEGRO NO.18 (RECOCIDO) | K39: ='[115]2-APU'!G416 -> KG | L39: ='[115]2-APU'!I416 -> 0.03 | M39: ='[115]2-APU'!H416 -> 6328 | O39: =ROUND(L39*M39,2) -> 189.84
C40: ='[115]2-APU'!D417 -> ACERO DE REFUERZO F`y = 60000 PSI | K40: ='[115]2-APU'!G417 -> KG | L40: ='[115]2-APU'!I417 -> 1.05 | M40: ='[115]2-APU'!H417 -> 4558.67 | O40: =ROUND(L40*M40,2) -> 4786.6
C41: ='[115]2-APU'!D418 -> SEGUETA | K41: ='[115]2-APU'!G418 -> UND | L41: ='[115]2-APU'!I418 -> 0.03 | M41: ='[115]2-APU'!H418 -> 4033.33 | O41: =ROUND(L41*M41,2) -> 121
C42: SUBTOTAL $ | O42: =SUM(O39:O41) -> 5097.44
C43: III. TRANSPORTES
C46: MATERIAL | J46: VOL. o PESO | K46: DISTANCIA | L46: M3 o Ton/Km | M46: TARIFA | O46: Vr. UNITARIO
C49: SUBTOTAL $
C50: IV. MANO DE OBRA
C53: TRABAJADOR | J53: JORNAL | K53: PRESTACIONES | L53: JORNAL TOTAL | M53: RENDIMIENTO | O53: Vr. UNITARIO
C54: ='[115]2-APU'!$D435 -> CUADRILLA DE ALBAÑILERIA (AA1) | L54: ='[115]2-APU'!H435 -> 40914.569 | M54: ='[115]2-APU'!I435 -> 0.06 | O54: =ROUND(L54*M54,2) -> 2454.87
C58: SUBTOTAL $ | O58: =SUM(O54:O57) -> 2454.87
C60: TOTAL COSTO DIRECTO $ | O60: =O58+O49+O42+O34 -> 7675.05
C62: INCREMENTO POR DISTANCIA (F.I.D) | M62: 0.04 | O62: =O60*M62 -> 307.002
C63: TOTAL COSTO DIRECTO + INCREMENTO POR DISTANCIA $ | O63: =O60+O62 -> 7982.052
C64: V. COSTOS INDIRECTOS
C67: Descripción | L67: Porcentaje | O67: Valor Total
C68: ADMINISTRACION | L68: 0.25 | O68: =O63*L68 -> 1995.513
C69: IMPREVISTOS | L69: 0.03 | O69: =O63*L69 -> 239.46156
C70: UTILIDAD | L70: 0.02 | O70: =O63*L70 -> 159.64104
C71: SUBTOTAL $ | O71: =SUM(O68:O70) -> 2394.6156
C73: Precio Unitario Total Aproximado al peso $ | O73: =O63+O71 -> 10376.668
H77: Firma
H78: Nombre:
H79: Representante Legal del Contratista o su Apoderado
H80: Matricula No. :
C82: OBSERVACIONES INTERVENTORÍA
C86: APROBACIÓN POR INTERVENTORÍA
C87: Nota 1: Cuando se trate de Análisis de precios unitarios correspondientes a ítems de la propuesta económica aprobada, el Interventor aprueba el desglose de los componentes manteniendo el mismo precio unitario de cada ítem, cumpliendo con las especificaciones de construcción vigentes para el proyecto.
C89: Nota 2: Cuando se trate de Análisis de precios unitarios de ítems no previstos, el Interventor aprueba el desglose y precio unitario de cada ítem no previsto, exigiendo la aplicación de los costos correspondientes a insumos y tarifas de la propuesta económica inicial cuando estén contemplados, cumpliendo con las especificaciones de construcción vigente para el proyecto.
H92: Firma
H93: Nombre:
H94: Representante Legal del Interventor o su Apoderado
H95: Matricula No. :

Sheet APU 1.9
C3: Formulario 1 - Propuesta económica - Documento tipo de licitación de obra pública de infraestructura de transporte - versión 4
C4: Código | D4: CCE-EICP-FM-14 | E4: Versión | F4: 4
C6: [La entidad podrá utilizar este formato para la presentación de los análisis de precios unitarios del contratista en la oportunidad prevista en el numeral 8.1. del Documento Base]
D9: MUNICIPIO DE ARCABUCO
L10: VERSIÓN
D11: LP-MA-001-2026
L12: PÁGINA | M12: 1 | N12: DE | O12: 1
D14: ANALISIS DE PRECIOS UNITARIOS
L16: FECHA | M16: DD | N16: MM | O16: AA
C18: ÍTEMS DE LA PROPUESTA ECONÓMICA | I18: ÍTEMS NO PREVISTOS
C22: DATOS ESPECÍFICOS
C24: ÍTEM | D24: DESCRIPCIÓN | M24: UNIDAD | O24: CANTIDAD
C25: ='PRESUPUESTO OFICIAL (Entidad)'!D22 -> 0 | D25: ='PRESUPUESTO OFICIAL (Entidad)'!G22 -> 0 | M25: ='PRESUPUESTO OFICIAL (Entidad)'!H22 -> 0 | O25: ='PRESUPUESTO OFICIAL (Entidad)'!I22 -> 0
C26: I. EQUIPO
C29: DESCRIPCIÓN | H29: MARCA | J29: TIPO | L29: TARIFA/HORA | M29: RENDIMIENTO | O29: Vr. UNITARIO
C30: ='[115]2-APU'!D25 -> HERRAMIENTA Y EQUIPO MENOR (%M.O.) | J30: ='[115]2-APU'!G25 -> % | L30: =O59 -> 245487.41 | M30: ='[115]2-APU'!I25 -> 0.05 | O30: =ROUND(L30*M30,2) -> 12274.37
C31: ='[115]2-APU'!D491 -> VIBRADOR PORTÁTIL PARA CONCRETO | J31: DIA | L31: ='[115]2-APU'!H491 -> 89075 | M31: ='[115]2-APU'!I491 -> 0.031 | O31: =ROUND(L31*M31,2) -> 2761.33
C34: SUBTOTAL $ | O34: =SUM(O30:O33) -> 15035.7
C35: II. MATERIALES
C38: DESCRIPCIÓN | K38: UNIDAD | L38: CANTIDAD | M38: PRECIO UNIT. | O38: Vr. UNITARIO
C39: ='[115]2-APU'!D480 -> TABLA CHAPA DE 25 cm. X 2 cm. (ORDINARIO) | K39: ='[115]2-APU'!G480 -> ML | L39: ='[115]2-APU'!I480 -> 3.5 | M39: ='[115]2-APU'!H480 -> 7933.33 | O39: =ROUND(L39*M39,2) -> 27766.66
C40: ='[115]2-APU'!D481 -> VARILLÓN DE 4 cm. X 4 cm. X 3m. | K40: ='[115]2-APU'!G481 -> UND | L40: ='[115]2-APU'!I481 -> 1.3 | M40: ='[115]2-APU'!H481 -> 7250 | O40: =ROUND(L40*M40,2) -> 9425
C41: ='[115]2-APU'!D482 -> CONCRETO SIMPLE DE 21 Mpa. (3000 PSI) | K41: ='[115]2-APU'!G482 -> M3 | L41: ='[115]2-APU'!I482 -> 1.05 | M41: ='[115]2-APU'!H482 -> 556652.91 | O41: =ROUND(L41*M41,2) -> 584485.56
C42: ='[115]2-APU'!D483 -> PUNTILLA CON Y SIN CABEZA 2 | K42: ='[115]2-APU'!G483 -> LB | L42: ='[115]2-APU'!I483 -> 1 | M42: ='[115]2-APU'!H483 -> 5094.67 | O42: =ROUND(L42*M42,2) -> 5094.67
C43: SUBTOTAL $ | O43: =SUM(O39:O42) -> 626771.89
C44: III. TRANSPORTES
C47: MATERIAL | J47: VOL. o PESO | K47: DISTANCIA | L47: M3 o Ton/Km | M47: TARIFA | O47: Vr. UNITARIO
C50: SUBTOTAL $
C51: IV. MANO DE OBRA
C54: TRABAJADOR | J54: JORNAL | K54: PRESTACIONES | L54: JORNAL TOTAL | M54: RENDIMIENTO | O54: Vr. UNITARIO
C55: ='[115]2-APU'!$D435 -> CUADRILLA DE ALBAÑILERIA (AA1) | L55: ='[115]2-APU'!H435 -> 40914.569 | M55: ='[115]2-APU'!I496 -> 6 | O55: =ROUND(L55*M55,2) -> 245487.41
C59: SUBTOTAL $ | O59: =SUM(O55:O58) -> 245487.41
C61: TOTAL COSTO DIRECTO $ | O61: =O59+O50+O43+O34 -> 887295
C63: INCREMENTO POR DISTANCIA (F.I.D) | M63: 0.04 | O63: =O61*M63 -> 35491.8
C64: TOTAL COSTO DIRECTO + INCREMENTO POR DISTANCIA $ | O64: =O61+O63 -> 922786.8
C65: V. COSTOS INDIRECTOS
C68: Descripción | L68: Porcentaje | O68: Valor Total
C69: ADMINISTRACION | L69: 0.25 | O69: =O64*L69 -> 230696.7
C70: IMPREVISTOS | L70: 0.03 | O70: =O64*L70 -> 27683.604
C71: UTILIDAD | L71: 0.02 | O71: =O64*L71 -> 18455.736
C72: SUBTOTAL $ | O72: =SUM(O69:O71) -> 276836.04
C74: Precio Unitario Total Aproximado al peso $ | O74: =O64+O72 -> 1199622.8
H78: Firma
H79: Nombre:
H80: Representante Legal del Contratista o su Apoderado
H81: Matricula No. :
C83: OBSERVACIONES INTERVENTORÍA
C87: APROBACIÓN POR INTERVENTORÍA
C88: Nota 1: Cuando se trate de Análisis de precios unitarios correspondientes a ítems de la propuesta económica aprobada, el Interventor aprueba el desglose de los componentes manteniendo el mismo precio unitario de cada ítem, cumpliendo con las especificaciones de construcción vigentes para el proyecto.
C90: Nota 2: Cuando se trate de Análisis de precios unitarios de ítems no previstos, el Interventor aprueba el desglose y precio unitario de cada ítem no previsto, exigiendo la aplicación de los costos correspondientes a insumos y tarifas de la propuesta económica inicial cuando estén contemplados, cumpliendo con las especificaciones de construcción vigente para el proyecto.
H93: Firma
H94: Nombre:
H95: Representante Legal del Interventor o su Apoderado
H96: Matricula No. :

Sheet APU 1.10
C3: Formulario 1 - Propuesta económica - Documento tipo de licitación de obra pública de infraestructura de transporte - versión 4
C4: Código | D4: CCE-EICP-FM-14 | E4: Versión | F4: 4
C6: [La entidad podrá utilizar este formato para la presentación de los análisis de precios unitarios del contratista en la oportunidad prevista en el numeral 8.1. del Documento Base]
D9: MUNICIPIO DE ARCABUCO
L10: VERSIÓN
D11: LP-MA-001-2026
L12: PÁGINA | M12: 1 | N12: DE | O12: 1
D14: ANALISIS DE PRECIOS UNITARIOS
L16: FECHA | M16: DD | N16: MM | O16: AA
C18: ÍTEMS DE LA PROPUESTA ECONÓMICA | I18: ÍTEMS NO PREVISTOS
C22: DATOS ESPECÍFICOS
C24: ÍTEM | D24: DESCRIPCIÓN | M24: UNIDAD | O24: CANTIDAD
C25: ='PRESUPUESTO OFICIAL (Entidad)'!D23 -> 0 | D25: ='PRESUPUESTO OFICIAL (Entidad)'!G23 -> 0 | M25: ='PRESUPUESTO OFICIAL (Entidad)'!H23 -> 0 | O25: ='PRESUPUESTO OFICIAL (Entidad)'!I23 -> 0
C26: I. EQUIPO
C29: DESCRIPCIÓN | H29: MARCA | J29: TIPO | L29: TARIFA/HORA | M29: RENDIMIENTO | O29: Vr. UNITARIO
C30: ='[115]2-APU'!D25 -> HERRAMIENTA Y EQUIPO MENOR (%M.O.) | J30: ='[115]2-APU'!G25 -> % | L30: =O59 -> 184115.56 | M30: ='[115]2-APU'!I25 -> 0.05 | O30: =ROUND(L30*M30,2) -> 9205.78
C31: ='[115]2-APU'!D553 -> FORMALETA PARA LOSAS PAVIMENTO RÍGIDO | J31: ML | L31: ='[115]2-APU'!H553 -> 3936 | M31: ='[115]2-APU'!I553 -> 4 | O31: =ROUND(L31*M31,2) -> 15744
C32: ='[115]2-APU'!D554 -> VIBRADOR PORTÁTIL PARA CONCRETO | J32: DIA | L32: ='[115]2-APU'!H554 -> 89075 | M32: ='[115]2-APU'!I554 -> 0.4 | O32: =ROUND(L32*M32,2) -> 35630
C34: SUBTOTAL $ | O34: =SUM(O30:O33) -> 60579.78
C35: II. MATERIALES
C38: DESCRIPCIÓN | K38: UNIDAD | L38: CANTIDAD | M38: PRECIO UNIT. | O38: Vr. UNITARIO
C39: ='[115]2-APU'!D541 -> CONCRETO SIMPLE DE 21 Mpa. (3000 PSI) | K39: ='[115]2-APU'!G541 -> M3 | L39: ='[115]2-APU'!I541 -> 1.03 | M39: ='[115]2-APU'!H541 -> 556652.91 | O39: =ROUND(L39*M39,2) -> 573352.5
C40: ='[115]2-APU'!D542 -> VULKEM 45 SSL, SELLANTE MOCOCOMPONENTE DE POLIURETANO, AUTO- NIVELANTE O SIMILAR | K40: ='[115]2-APU'!G542 -> GL | L40: ='[115]2-APU'!I542 -> 0.2 | M40: ='[115]2-APU'!H542 -> 186239.35 | O40: =ROUND(L40*M40,2) -> 37247.87
O41: =ROUND(L41*M41,2) -> 0
O42: =ROUND(L42*M42,2) -> 0
C43: SUBTOTAL $ | O43: =SUM(O39:O42) -> 610600.37
C44: III. TRANSPORTES
C47: MATERIAL | J47: VOL. o PESO | K47: DISTANCIA | L47: M3 o Ton/Km | M47: TARIFA | O47: Vr. UNITARIO
C50: SUBTOTAL $
C51: IV. MANO DE OBRA
C54: TRABAJADOR | J54: JORNAL | K54: PRESTACIONES | L54: JORNAL TOTAL | M54: RENDIMIENTO | O54: Vr. UNITARIO
C55: ='[115]2-APU'!$D435 -> CUADRILLA DE ALBAÑILERIA (AA1) | L55: ='[115]2-APU'!H435 -> 40914.569 | M55: ='[115]2-APU'!I559 -> 4.5 | O55: =ROUND(L55*M55,2) -> 184115.56
C59: SUBTOTAL $ | O59: =SUM(O55:O58) -> 184115.56
C61: TOTAL COSTO DIRECTO $ | O61: =O59+O50+O43+O34 -> 855295.71
C63: INCREMENTO POR DISTANCIA (F.I.D) | M63: 0.04 | O63: =O61*M63 -> 34211.828
C64: TOTAL COSTO DIRECTO + INCREMENTO POR DISTANCIA $ | O64: =O61+O63 -> 889507.54
C65: V. COSTOS INDIRECTOS
C68: Descripción | L68: Porcentaje | O68: Valor Total
C69: ADMINISTRACION | L69: 0.25 | O69: =O64*L69 -> 222376.88
C70: IMPREVISTOS | L70: 0.03 | O70: =O64*L70 -> 26685.226
C71: UTILIDAD | L71: 0.02 | O71: =O64*L71 -> 17790.151
C72: SUBTOTAL $ | O72: =SUM(O69:O71) -> 266852.26
C74: Precio Unitario Total Aproximado al peso $ | O74: =O64+O72 -> 1156359.8
H78: Firma
H79: Nombre:
H80: Representante Legal del Contratista o su Apoderado
H81: Matricula No. :
C83: OBSERVACIONES INTERVENTORÍA
C87: APROBACIÓN POR INTERVENTORÍA
C88: Nota 1: Cuando se trate de Análisis de precios unitarios correspondientes a ítems de la propuesta económica aprobada, el Interventor aprueba el desglose de los componentes manteniendo el mismo precio unitario de cada ítem, cumpliendo con las especificaciones de construcción vigentes para el proyecto.
C90: Nota 2: Cuando se trate de Análisis de precios unitarios de ítems no previstos, el Interventor aprueba el desglose y precio unitario de cada ítem no previsto, exigiendo la aplicación de los costos correspondientes a insumos y tarifas de la propuesta económica inicial cuando estén contemplados, cumpliendo con las especificaciones de construcción vigente para el proyecto.
H93: Firma
H94: Nombre:
H95: Representante Legal del Interventor o su Apoderado
H96: Matricula No. :

Sheet APU 1.11
C3: Formulario 1 - Propuesta económica - Documento tipo de licitación de obra pública de infraestructura de transporte - versión 4
C4: Código | D4: CCE-EICP-FM-14 | E4: Versión | F4: 4
C6: [La entidad podrá utilizar este formato para la presentación de los análisis de precios unitarios del contratista en la oportunidad prevista en el numeral 8.1. del Documento Base]
D9: MUNICIPIO DE ARCABUCO
L10: VERSIÓN
D11: LP-MA-001-2026
L12: PÁGINA | M12: 1 | N12: DE | O12: 1
D14: ANALISIS DE PRECIOS UNITARIOS
L16: FECHA | M16: DD | N16: MM | O16: AA
C18: ÍTEMS DE LA PROPUESTA ECONÓMICA | I18: ÍTEMS NO PREVISTOS
C22: DATOS ESPECÍFICOS
C24: ÍTEM | D24: DESCRIPCIÓN | M24: UNIDAD | O24: CANTIDAD
C25: ='PRESUPUESTO OFICIAL (Entidad)'!D24 -> 0 | D25: ='PRESUPUESTO OFICIAL (Entidad)'!G24 -> 0 | M25: ='PRESUPUESTO OFICIAL (Entidad)'!H24 -> 0 | O25: ='PRESUPUESTO OFICIAL (Entidad)'!I24 -> 0
C26: I. EQUIPO
C29: DESCRIPCIÓN | H29: MARCA | J29: TIPO | L29: TARIFA/HORA | M29: RENDIMIENTO | O29: Vr. UNITARIO
C30: ='[115]2-APU'!D25 -> HERRAMIENTA Y EQUIPO MENOR (%M.O.) | J30: ='[115]2-APU'!G25 -> % | L30: =O63 -> 225030.13 | M30: ='[115]2-APU'!I25 -> 0.05 | O30: =ROUND(L30*M30,2) -> 11251.51
O31: =ROUND(L31*M31,2) -> 0
O32: =ROUND(L32*M32,2) -> 0
C34: SUBTOTAL $ | O34: =SUM(O30:O33) -> 11251.51
C35: II. MATERIALES
C38: DESCRIPCIÓN | K38: UNIDAD | L38: CANTIDAD | M38: PRECIO UNIT. | O38: Vr. UNITARIO
C39: ='[115]2-APU'!D604 -> CONCRETO SIMPLE DE 21 Mpa. (3000 PSI) | K39: ='[115]2-APU'!G604 -> M3 | L39: ='[115]2-APU'!I604 -> 0.45 | M39: ='[115]2-APU'!H604 -> 556652.91 | O39: =ROUND(L39*M39,2) -> 250493.81
C40: ='[115]2-APU'!D605 -> TABLERO DE MADERA (CAMILLA) DE 1.4 m. X 0.7 m. | K40: ='[115]2-APU'!G605 -> DD | L40: ='[115]2-APU'!I605 -> 5 | M40: ='[115]2-APU'!H605 -> 1000 | O40: =ROUND(L40*M40,2) -> 5000
C41: ='[115]2-APU'!D606 -> VULKEM 45 SSL, SELLANTE MOCOCOMPONENTE DE POLIURETANO, AUTO- NIVELANTE O SIMILAR | K41: ='[115]2-APU'!G606 -> GL | L41: ='[115]2-APU'!I606 -> 0.2 | M41: ='[115]2-APU'!H606 -> 186239.35 | O41: =ROUND(L41*M41,2) -> 37247.87
C42: ='[115]2-APU'!D607 -> REPISA ORDINARIO 3m. | K42: ='[115]2-APU'!G607 -> ML | L42: ='[115]2-APU'!I607 -> 0.42 | M42: ='[115]2-APU'!H607 -> 5950 | O42: =ROUND(L42*M42,2) -> 2499
C43: ='[115]2-APU'!D608 -> TABLA BURRA ORDINARIO X 3m. | K43: ='[115]2-APU'!G608 -> ML | L43: ='[115]2-APU'!I608 -> 0.93 | M43: ='[115]2-APU'!H608 -> 11503.33 | O43: =ROUND(L43*M43,2) -> 10698.1
C44: ='[115]2-APU'!D609 -> MADERA VARA DE CLAVO | K44: ='[115]2-APU'!G609 -> ML | L44: ='[115]2-APU'!I609 -> 0.55 | M44: ='[115]2-APU'!H609 -> 7000 | O44: =ROUND(L44*M44,2) -> 3850
C45: ='[115]2-APU'!D610 -> PUNTILLA CON Y SIN CABEZA 2 | K45: ='[115]2-APU'!G610 -> LB | L45: ='[115]2-APU'!I610 -> 0.45 | M45: ='[115]2-APU'!H610 -> 5094.67 | O45: =ROUND(L45*M45,2) -> 2292.6
C46: ='[115]2-APU'!D611 -> PIEDRA RAJÓN | K46: ='[115]2-APU'!G611 -> M3 | L46: ='[115]2-APU'!I611 -> 0.65 | M46: ='[115]2-APU'!H611 -> 83895 | O46: =ROUND(L46*M46,2) -> 54531.75
C47: SUBTOTAL $ | O47: =SUM(O39:O46) -> 366613.13
C48: III. TRANSPORTES
C51: MATERIAL | J51: VOL. o PESO | K51: DISTANCIA | L51: M3 o Ton/Km | M51: TARIFA | O51: Vr. UNITARIO
C54: SUBTOTAL $
C55: IV. MANO DE OBRA
C58: TRABAJADOR | J58: JORNAL | K58: PRESTACIONES | L58: JORNAL TOTAL | M58: RENDIMIENTO | O58: Vr. UNITARIO
C59: ='[115]2-APU'!$D435 -> CUADRILLA DE ALBAÑILERIA (AA1) | L59: ='[115]2-APU'!H435 -> 40914.569 | M59: 5.5 | O59: =ROUND(L59*M59,2) -> 225030.13
C63: SUBTOTAL $ | O63: =SUM(O59:O62) -> 225030.13
C65: TOTAL COSTO DIRECTO $ | O65: =O63+O54+O47+O34 -> 602894.77
C67: INCREMENTO POR DISTANCIA (F.I.D) | M67: 0.04 | O67: =O65*M67 -> 24115.791
C68: TOTAL COSTO DIRECTO + INCREMENTO POR DISTANCIA $ | O68: =O65+O67 -> 627010.56
C69: V. COSTOS INDIRECTOS
C72: Descripción | L72: Porcentaje | O72: Valor Total
C73: ADMINISTRACION | L73: 0.25 | O73: =O68*L73 -> 156752.64
C74: IMPREVISTOS | L74: 0.03 | O74: =O68*L74 -> 18810.317
C75: UTILIDAD | L75: 0.02 | O75: =O68*L75 -> 12540.211
C76: SUBTOTAL $ | O76: =SUM(O73:O75) -> 188103.17
C78: Precio Unitario Total Aproximado al peso $ | O78: =O68+O76 -> 815113.73
H82: Firma
H83: Nombre:
H84: Representante Legal del Contratista o su Apoderado
H85: Matricula No. :
C87: OBSERVACIONES INTERVENTORÍA
C91: APROBACIÓN POR INTERVENTORÍA
C92: Nota 1: Cuando se trate de Análisis de precios unitarios correspondientes a ítems de la propuesta económica aprobada, el Interventor aprueba el desglose de los componentes manteniendo el mismo precio unitario de cada ítem, cumpliendo con las especificaciones de construcción vigentes para el proyecto.
C94: Nota 2: Cuando se trate de Análisis de precios unitarios de ítems no previstos, el Interventor aprueba el desglose y precio unitario de cada ítem no previsto, exigiendo la aplicación de los costos correspondientes a insumos y tarifas de la propuesta económica inicial cuando estén contemplados, cumpliendo con las especificaciones de construcción vigente para el proyecto.
H97: Firma
H98: Nombre:
H99: Representante Legal del Interventor o su Apoderado
H100: Matricula No. :

Sheet APU 1.12
C3: Formulario 1 - Propuesta económica - Documento tipo de licitación de obra pública de infraestructura de transporte - versión 4
C4: Código | D4: CCE-EICP-FM-14 | E4: Versión | F4: 4
C6: [La entidad podrá utilizar este formato para la presentación de los análisis de precios unitarios del contratista en la oportunidad prevista en el numeral 8.1. del Documento Base]
D9: MUNICIPIO DE ARCABUCO
L10: VERSIÓN
D11: LP-MA-001-2026
L12: PÁGINA | M12: 1 | N12: DE | O12: 1
D14: ANALISIS DE PRECIOS UNITARIOS
L16: FECHA | M16: DD | N16: MM | O16: AA
C18: ÍTEMS DE LA PROPUESTA ECONÓMICA | I18: ÍTEMS NO PREVISTOS
C22: DATOS ESPECÍFICOS
C24: ÍTEM | D24: DESCRIPCIÓN | M24: UNIDAD | O24: CANTIDAD
C25: ='PRESUPUESTO OFICIAL (Entidad)'!D25 -> 0 | D25: ='PRESUPUESTO OFICIAL (Entidad)'!G25 -> 0 | M25: ='PRESUPUESTO OFICIAL (Entidad)'!H25 -> 0 | O25: ='PRESUPUESTO OFICIAL (Entidad)'!I25 -> 0
C26: I. EQUIPO
C29: DESCRIPCIÓN | H29: MARCA | J29: TIPO | L29: TARIFA/HORA | M29: RENDIMIENTO | O29: Vr. UNITARIO
C30: ='[115]2-APU'!D25 -> HERRAMIENTA Y EQUIPO MENOR (%M.O.) | J30: ='[115]2-APU'!G25 -> % | L30: =O63 -> 143200.99 | M30: ='[115]2-APU'!I25 -> 0.05 | O30: =ROUND(L30*M30,2) -> 7160.05
O31: =ROUND(L31*M31,2) -> 0
O32: =ROUND(L32*M32,2) -> 0
C34: SUBTOTAL $ | O34: =SUM(O30:O33) -> 7160.05
C35: II. MATERIALES
C38: DESCRIPCIÓN | K38: UNIDAD | L38: CANTIDAD | M38: PRECIO UNIT. | O38: Vr. UNITARIO
C39: ='[115]2-APU'!D669 -> ALAMBRE NEGRO NO.18 (RECOCIDO) | K39: ='[115]2-APU'!G669 -> KG | L39: ='[115]2-APU'!I669 -> 0.1 | M39: ='[115]2-APU'!H669 -> 6328 | O39: =ROUND(L39*M39,2) -> 632.8
C40: ='[115]2-APU'!D670 -> CONCRETO SIMPLE DE 21 Mpa. (3000 PSI) | K40: ='[115]2-APU'!G670 -> M3 | L40: ='[115]2-APU'!I670 -> 1.05 | M40: ='[115]2-APU'!H670 -> 556652.91 | O40: =ROUND(L40*M40,2) -> 584485.56
C41: ='[115]2-APU'!D671 -> TABLA BURRA ORDINARIO X 3m. | K41: ='[115]2-APU'!G671 -> ML | L41: ='[115]2-APU'!I671 -> 3 | M41: ='[115]2-APU'!H671 -> 11503.33 | O41: =ROUND(L41*M41,2) -> 34509.99
C42: ='[115]2-APU'!D672 -> VULKEM 45 SSL, SELLANTE MOCOCOMPONENTE DE POLIURETANO, AUTO- NIVELANTE O SIMILAR | K42: ='[115]2-APU'!G672 -> GL | L42: ='[115]2-APU'!I672 -> 0.04 | M42: ='[115]2-APU'!H672 -> 186239.35 | O42: =ROUND(L42*M42,2) -> 7449.57
C43: ='[115]2-APU'!D673 -> PUNTILLA CON Y SIN CABEZA 2 | K43: ='[115]2-APU'!G673 -> LB | L43: ='[115]2-APU'!I673 -> 0.16 | M43: ='[115]2-APU'!H673 -> 5094.67 | O43: =ROUND(L43*M43,2) -> 815.15
C47: SUBTOTAL $ | O47: =SUM(O39:O46) -> 627893.07
C48: III. TRANSPORTES
C51: MATERIAL | J51: VOL. o PESO | K51: DISTANCIA | L51: M3 o Ton/Km | M51: TARIFA | O51: Vr. UNITARIO
C54: SUBTOTAL $
C55: IV. MANO DE OBRA
C58: TRABAJADOR | J58: JORNAL | K58: PRESTACIONES | L58: JORNAL TOTAL | M58: RENDIMIENTO | O58: Vr. UNITARIO
C59: ='[115]2-APU'!$D435 -> CUADRILLA DE ALBAÑILERIA (AA1) | L59: ='[115]2-APU'!H435 -> 40914.569 | M59: 3.5 | O59: =ROUND(L59*M59,2) -> 143200.99
C63: SUBTOTAL $ | O63: =SUM(O59:O62) -> 143200.99
C65: TOTAL COSTO DIRECTO $ | O65: =O63+O54+O47+O34 -> 778254.11
C67: INCREMENTO POR DISTANCIA (F.I.D) | M67: 0.04 | O67: =O65*M67 -> 31130.164
C68: TOTAL COSTO DIRECTO + INCREMENTO POR DISTANCIA $ | O68: =O65+O67 -> 809384.27
C69: V. COSTOS INDIRECTOS
C72: Descripción | L72: Porcentaje | O72: Valor Total
C73: ADMINISTRACION | L73: 0.25 | O73: =O68*L73 -> 202346.07
C74: IMPREVISTOS | L74: 0.03 | O74: =O68*L74 -> 24281.528
C75: UTILIDAD | L75: 0.02 | O75: =O68*L75 -> 16187.685
C76: SUBTOTAL $ | O76: =SUM(O73:O75) -> 242815.28
C78: Precio Unitario Total Aproximado al peso $ | O78: =O68+O76 -> 1052199.6
H82: Firma
H83: Nombre:
H84: Representante Legal del Contratista o su Apoderado
H85: Matricula No. :
C87: OBSERVACIONES INTERVENTORÍA
C91: APROBACIÓN POR INTERVENTORÍA
C92: Nota 1: Cuando se trate de Análisis de precios unitarios correspondientes a ítems de la propuesta económica aprobada, el Interventor aprueba el desglose de los componentes manteniendo el mismo precio unitario de cada ítem, cumpliendo con las especificaciones de construcción vigentes para el proyecto.
C94: Nota 2: Cuando se trate de Análisis de precios unitarios de ítems no previstos, el Interventor aprueba el desglose y precio unitario de cada ítem no previsto, exigiendo la aplicación de los costos correspondientes a insumos y tarifas de la propuesta económica inicial cuando estén contemplados, cumpliendo con las especificaciones de construcción vigente para el proyecto.
H97: Firma
H98: Nombre:
H99: Representante Legal del Interventor o su Apoderado
H100: Matricula No. :

Sheet APU 1.13
C3: Formulario 1 - Propuesta económica - Documento tipo de licitación de obra pública de infraestructura de transporte - versión 4
C4: Código | D4: CCE-EICP-FM-14 | E4: Versión | F4: 4
C6: [La entidad podrá utilizar este formato para la presentación de los análisis de precios unitarios del contratista en la oportunidad prevista en el numeral 8.1. del Documento Base]
D9: MUNICIPIO DE ARCABUCO
L10: VERSIÓN
D11: LP-MA-001-2026
L12: PÁGINA | M12: 1 | N12: DE | O12: 1
D14: ANALISIS DE PRECIOS UNITARIOS
L16: FECHA | M16: DD | N16: MM | O16: AA
C18: ÍTEMS DE LA PROPUESTA ECONÓMICA | I18: ÍTEMS NO PREVISTOS
C22: DATOS ESPECÍFICOS
C24: ÍTEM | D24: DESCRIPCIÓN | M24: UNIDAD | O24: CANTIDAD
C25: ='PRESUPUESTO OFICIAL (Entidad)'!D26 -> 0 | D25: ='PRESUPUESTO OFICIAL (Entidad)'!G26 -> 0 | M25: ='PRESUPUESTO OFICIAL (Entidad)'!H26 -> 0 | O25: ='PRESUPUESTO OFICIAL (Entidad)'!I26 -> 0
C26: I. EQUIPO
C29: DESCRIPCIÓN | H29: MARCA | J29: TIPO | L29: TARIFA/HORA | M29: RENDIMIENTO | O29: Vr. UNITARIO
C30: ='[115]2-APU'!D25 -> HERRAMIENTA Y EQUIPO MENOR (%M.O.) | J30: ='[115]2-APU'!G25 -> % | L30: =O63 -> 26302.22 | M30: ='[115]2-APU'!I25 -> 0.05 | O30: =ROUND(L30*M30,2) -> 1315.11
C31: ='[115]2-APU'!D743 -> FORMALETA PARA SARDINELES | J31: ML | L31: ='[115]2-APU'!H743 -> 8265 | M31: ='[115]2-APU'!I743 -> 2 | O31: =ROUND(L31*M31,2) -> 16530
O32: =ROUND(L32*M32,2) -> 0
C34: SUBTOTAL $ | O34: =SUM(O30:O33) -> 17845.11
C35: II. MATERIALES
C38: DESCRIPCIÓN | K38: UNIDAD | L38: CANTIDAD | M38: PRECIO UNIT. | O38: Vr. UNITARIO
C39: ='[115]2-APU'!D734 -> CONCRETO SIMPLE DE 17.5 Mpa. (2500 PSI) | K39: ='[115]2-APU'!G734 -> M3 | L39: ='[115]2-APU'!I734 -> 0.1055 | M39: ='[115]2-APU'!H734 -> 503770.05 | O39: =ROUND(L39*M39,2) -> 53147.74
C47: SUBTOTAL $ | O47: =SUM(O39:O46) -> 53147.74
C48: III. TRANSPORTES
C51: MATERIAL | J51: VOL. o PESO | K51: DISTANCIA | L51: M3 o Ton/Km | M51: TARIFA | O51: Vr. UNITARIO
C54: SUBTOTAL $
C55: IV. MANO DE OBRA
C58: TRABAJADOR | J58: JORNAL | K58: PRESTACIONES | L58: JORNAL TOTAL | M58: RENDIMIENTO | O58: Vr. UNITARIO
C59: ='[115]2-APU'!$D750 -> CUADRILLA DE ALBAÑILERIA (AA) | L59: ='[115]2-APU'!H750 -> 29224.692 | M59: 0.9 | O59: =ROUND(L59*M59,2) -> 26302.22
C63: SUBTOTAL $ | O63: =SUM(O59:O62) -> 26302.22
C65: TOTAL COSTO DIRECTO $ | O65: =O63+O54+O47+O34 -> 97295.07
C67: INCREMENTO POR DISTANCIA (F.I.D) | M67: 0.04 | O67: =O65*M67 -> 3891.8028
C68: TOTAL COSTO DIRECTO + INCREMENTO POR DISTANCIA $ | O68: =O65+O67 -> 101186.87
C69: V. COSTOS INDIRECTOS
C72: Descripción | L72: Porcentaje | O72: Valor Total
C73: ADMINISTRACION | L73: 0.25 | O73: =O68*L73 -> 25296.718
C74: IMPREVISTOS | L74: 0.03 | O74: =O68*L74 -> 3035.6062
C75: UTILIDAD | L75: 0.02 | O75: =O68*L75 -> 2023.7375
C76: SUBTOTAL $ | O76: =SUM(O73:O75) -> 30356.062
C78: Precio Unitario Total Aproximado al peso $ | O78: =O68+O76 -> 131542.93
H82: Firma
H83: Nombre:
H84: Representante Legal del Contratista o su Apoderado
H85: Matricula No. :
C87: OBSERVACIONES INTERVENTORÍA
C91: APROBACIÓN POR INTERVENTORÍA
C92: Nota 1: Cuando se trate de Análisis de precios unitarios correspondientes a ítems de la propuesta económica aprobada, el Interventor aprueba el desglose de los componentes manteniendo el mismo precio unitario de cada ítem, cumpliendo con las especificaciones de construcción vigentes para el proyecto.
C94: Nota 2: Cuando se trate de Análisis de precios unitarios de ítems no previstos, el Interventor aprueba el desglose y precio unitario de cada ítem no previsto, exigiendo la aplicación de los costos correspondientes a insumos y tarifas de la propuesta económica inicial cuando estén contemplados, cumpliendo con las especificaciones de construcción vigente para el proyecto.
H97: Firma
H98: Nombre:
H99: Representante Legal del Interventor o su Apoderado
H100: Matricula No. :

Sheet APU 2.1
C3: Formulario 1 - Propuesta económica - Documento tipo de licitación de obra pública de infraestructura de transporte - versión 4
C4: Código | D4: CCE-EICP-FM-14 | E4: Versión | F4: 4
C6: [La entidad podrá utilizar este formato para la presentación de los análisis de precios unitarios del contratista en la oportunidad prevista en el numeral 8.1. del Documento Base]
D9: MUNICIPIO DE ARCABUCO
L10: VERSIÓN
D11: LP-MA-001-2026
L12: PÁGINA | M12: 1 | N12: DE | O12: 1
D14: ANALISIS DE PRECIOS UNITARIOS
L16: FECHA | M16: DD | N16: MM | O16: AA
C18: ÍTEMS DE LA PROPUESTA ECONÓMICA | I18: ÍTEMS NO PREVISTOS
C22: DATOS ESPECÍFICOS
C24: ÍTEM | D24: DESCRIPCIÓN | M24: UNIDAD | O24: CANTIDAD
C25: ='PRESUPUESTO OFICIAL (Entidad)'!D29 -> 0 | D25: ='PRESUPUESTO OFICIAL (Entidad)'!G29 -> 0 | M25: ='PRESUPUESTO OFICIAL (Entidad)'!H29 -> 0 | O25: ='PRESUPUESTO OFICIAL (Entidad)'!I15 -> 0
C26: I. EQUIPO
C29: DESCRIPCIÓN | H29: MARCA | J29: TIPO | L29: TARIFA/HORA | M29: RENDIMIENTO | O29: Vr. UNITARIO
C30: ='[115]2-APU'!D75 -> HERRAMIENTA Y EQUIPO MENOR (%M.O.) | J30: % | L30: =O56 -> 935.19 | M30: ='[115]2-APU'!I75 -> 0.05 | O30: =ROUND(L30*M30,2) -> 46.76
C31: ='[115]2-APU'!D26 -> EQUIPO DE TOPOGRAFÍA (ESTACION TOTAL, NIVEL Y ACCESORIOS) | J31: HORA | L31: ='[115]2-APU'!H76 -> 154625 | M31: ='[115]2-APU'!I76 -> 0.08 | O31: =ROUND(L31*M31,2) -> 12370
O32: =ROUND(L32*M32,2) -> 0
C33: SUBTOTAL $ | O33: =SUM(O30:O32) -> 12416.76
C34: II. MATERIALES
C37: DESCRIPCIÓN | K37: UNIDAD | L37: CANTIDAD | M37: PRECIO UNIT. | O37: Vr. UNITARIO
C40: SUBTOTAL $ | O40: =SUM(O38:O39) -> 0
C41: III. TRANSPORTES
C44: MATERIAL | J44: VOL. o PESO | K44: DISTANCIA | L44: M3 o Ton/Km | M44: TARIFA | O44: Vr. UNITARIO
C45: ='[115]2-APU'!$D90 -> VOLQUETA | L45: 1.3 | M45: ='[115]2-APU'!$H$90 -> 10464 | O45: =ROUND(L45*M45,2) -> 13603.2
C47: SUBTOTAL $ | O47: =SUM(O45:O46) -> 13603.2
C48: IV. MANO DE OBRA
C51: TRABAJADOR | J51: JORNAL | K51: PRESTACIONES | L51: JORNAL TOTAL | M51: RENDIMIENTO | O51: Vr. UNITARIO
C52: ='[115]2-APU'!$D82 -> AYUDANTE (AA) | L52: ='[115]2-APU'!H82 -> 11689.877 | M52: ='[115]2-APU'!$I$82 -> 0.08 | O52: =ROUND(L52*M52,2) -> 935.19
C56: SUBTOTAL $ | O56: =SUM(O52:O55) -> 935.19
C58: TOTAL COSTO DIRECTO $ | O58: =O56+O47+O40+O33 -> 26955.15
C60: INCREMENTO POR DISTANCIA (F.I.D) | M60: 0 | O60: =O58*M60 -> 0
C61: TOTAL COSTO DIRECTO + INCREMENTO POR DISTANCIA $ | O61: =O58+O60 -> 26955.15
C62: V. COSTOS INDIRECTOS
C65: Descripción | L65: Porcentaje | O65: Valor Total
C66: ADMINISTRACION | L66: 0.25 | O66: =O61*L66 -> 6738.7875
C67: IMPREVISTOS | L67: 0.03 | O67: =O61*L67 -> 808.6545
C68: UTILIDAD | L68: 0.02 | O68: =O61*L68 -> 539.103
C69: SUBTOTAL $ | O69: =SUM(O66:O68) -> 8086.545
C71: Precio Unitario Total Aproximado al peso $ | O71: =O61+O69 -> 35041.695
H75: Firma
H76: Nombre:
H77: Representante Legal del Contratista o su Apoderado
H78: Matricula No. :
C80: OBSERVACIONES INTERVENTORÍA
C84: APROBACIÓN POR INTERVENTORÍA
C85: Nota 1: Cuando se trate de Análisis de precios unitarios correspondientes a ítems de la propuesta económica aprobada, el Interventor aprueba el desglose de los componentes manteniendo el mismo precio unitario de cada ítem, cumpliendo con las especificaciones de construcción vigentes para el proyecto.
C87: Nota 2: Cuando se trate de Análisis de precios unitarios de ítems no previstos, el Interventor aprueba el desglose y precio unitario de cada ítem no previsto, exigiendo la aplicación de los costos correspondientes a insumos y tarifas de la propuesta económica inicial cuando estén contemplados, cumpliendo con las especificaciones de construcción vigente para el proyecto.
H90: Firma
H91: Nombre:
H92: Representante Legal del Interventor o su Apoderado
H93: Matricula No. :

Sheet APU 2.2
C3: Formulario 1 - Propuesta económica - Documento tipo de licitación de obra pública de infraestructura de transporte - versión 4
C4: Código | D4: CCE-EICP-FM-14 | E4: Versión | F4: 4
C6: [La entidad podrá utilizar este formato para la presentación de los análisis de precios unitarios del contratista en la oportunidad prevista en el numeral 8.1. del Documento Base]
D9: MUNICIPIO DE ARCABUCO
L10: VERSIÓN
D11: LP-MA-001-2026
L12: PÁGINA | M12: 1 | N12: DE | O12: 1
D14: ANALISIS DE PRECIOS UNITARIOS
L16: FECHA | M16: DD | N16: MM | O16: AA
C18: ÍTEMS DE LA PROPUESTA ECONÓMICA | I18: ÍTEMS NO PREVISTOS
C22: DATOS ESPECÍFICOS
C24: ÍTEM | D24: DESCRIPCIÓN | M24: UNIDAD | O24: CANTIDAD
C25: ='PRESUPUESTO OFICIAL (Entidad)'!D30 -> 0 | D25: ='PRESUPUESTO OFICIAL (Entidad)'!G30 -> 0 | M25: ='PRESUPUESTO OFICIAL (Entidad)'!H30 -> 0 | O25: ='PRESUPUESTO OFICIAL (Entidad)'!I30 -> 0
C26: I. EQUIPO
C29: DESCRIPCIÓN | H29: MARCA | J29: TIPO | L29: TARIFA/HORA | M29: RENDIMIENTO | O29: Vr. UNITARIO
C30: ='[115]2-APU'!D25 -> HERRAMIENTA Y EQUIPO MENOR (%M.O.) | J30: ='[115]2-APU'!G25 -> % | L30: =O63 -> 7715.32 | M30: ='[115]2-APU'!I25 -> 0.05 | O30: =ROUND(L30*M30,2) -> 385.77
O32: =ROUND(L32*M32,2) -> 0
C34: SUBTOTAL $ | O34: =SUM(O30:O33) -> 385.77
C35: II. MATERIALES
C38: DESCRIPCIÓN | K38: UNIDAD | L38: CANTIDAD | M38: PRECIO UNIT. | O38: Vr. UNITARIO
C39: ='[115]2-APU'!D1390 -> TUBERÍA PVC CORRUGADA PARA DRENAJE DE 4" (100 MM) (SIN FILTRO) | K39: ='[115]2-APU'!G1390 -> ML | L39: ='[115]2-APU'!I1390 -> 1 | M39: ='[115]2-APU'!H1390 -> 25383.5 | O39: =ROUND(L39*M39,2) -> 25383.5
C47: SUBTOTAL $ | O47: =SUM(O39:O46) -> 25383.5
C48: III. TRANSPORTES
C51: MATERIAL | J51: VOL. o PESO | K51: DISTANCIA | L51: M3 o Ton/Km | M51: TARIFA | O51: Vr. UNITARIO
C54: SUBTOTAL $
C55: IV. MANO DE OBRA
C58: TRABAJADOR | J58: JORNAL | K58: PRESTACIONES | L58: JORNAL TOTAL | M58: RENDIMIENTO | O58: Vr. UNITARIO
C59: ='[115]2-APU'!$D1408 -> CUADRILLA DE INSTALACIÓNES (BB) | L59: ='[115]2-APU'!H1408 -> 35069.629 | M59: 0.22 | O59: =ROUND(L59*M59,2) -> 7715.32
C63: SUBTOTAL $ | O63: =SUM(O59:O62) -> 7715.32
C65: TOTAL COSTO DIRECTO $ | O65: =O63+O54+O47+O34 -> 33484.59
C67: INCREMENTO POR DISTANCIA (F.I.D) | M67: 0.04 | O67: =O65*M67 -> 1339.3836
C68: TOTAL COSTO DIRECTO + INCREMENTO POR DISTANCIA $ | O68: =O65+O67 -> 34823.974
C69: V. COSTOS INDIRECTOS
C72: Descripción | L72: Porcentaje | O72: Valor Total
C73: ADMINISTRACION | L73: 0.25 | O73: =O68*L73 -> 8705.9934
C74: IMPREVISTOS | L74: 0.03 | O74: =O68*L74 -> 1044.7192
C75: UTILIDAD | L75: 0.02 | O75: =O68*L75 -> 696.47947
C76: SUBTOTAL $ | O76: =SUM(O73:O75) -> 10447.192
C78: Precio Unitario Total Aproximado al peso $ | O78: =O68+O76 -> 45271.166
H82: Firma
H83: Nombre:
H84: Representante Legal del Contratista o su Apoderado
H85: Matricula No. :
C87: OBSERVACIONES INTERVENTORÍA
C91: APROBACIÓN POR INTERVENTORÍA
C92: Nota 1: Cuando se trate de Análisis de precios unitarios correspondientes a ítems de la propuesta económica aprobada, el Interventor aprueba el desglose de los componentes manteniendo el mismo precio unitario de cada ítem, cumpliendo con las especificaciones de construcción vigentes para el proyecto.
C94: Nota 2: Cuando se trate de Análisis de precios unitarios de ítems no previstos, el Interventor aprueba el desglose y precio unitario de cada ítem no previsto, exigiendo la aplicación de los costos correspondientes a insumos y tarifas de la propuesta económica inicial cuando estén contemplados, cumpliendo con las especificaciones de construcción vigente para el proyecto.
H97: Firma
H98: Nombre:
H99: Representante Legal del Interventor o su Apoderado
H100: Matricula No. :

Sheet APU 2.3
C3: Formulario 1 - Propuesta económica - Documento tipo de licitación de obra pública de infraestructura de transporte - versión 4
C4: Código | D4: CCE-EICP-FM-14 | E4: Versión | F4: 4
C6: [La entidad podrá utilizar este formato para la presentación de los análisis de precios unitarios del contratista en la oportunidad prevista en el numeral 8.1. del Documento Base]
D9: MUNICIPIO DE ARCABUCO
L10: VERSIÓN
D11: LP-MA-001-2026
L12: PÁGINA | M12: 1 | N12: DE | O12: 1
D14: ANALISIS DE PRECIOS UNITARIOS
L16: FECHA | M16: DD | N16: MM | O16: AA
C18: ÍTEMS DE LA PROPUESTA ECONÓMICA | I18: ÍTEMS NO PREVISTOS
C22: DATOS ESPECÍFICOS
C24: ÍTEM | D24: DESCRIPCIÓN | M24: UNIDAD | O24: CANTIDAD
C25: ='PRESUPUESTO OFICIAL (Entidad)'!D31 -> 0 | D25: ='PRESUPUESTO OFICIAL (Entidad)'!G31 -> 0 | M25: ='PRESUPUESTO OFICIAL (Entidad)'!H31 -> 0 | O25: ='PRESUPUESTO OFICIAL (Entidad)'!I31 -> 0
C26: I. EQUIPO
C29: DESCRIPCIÓN | H29: MARCA | J29: TIPO | L29: TARIFA/HORA | M29: RENDIMIENTO | O29: Vr. UNITARIO
O32: =ROUND(L32*M32,2) -> 0
C34: SUBTOTAL $ | O34: =SUM(O30:O33) -> 0
C35: II. MATERIALES
C38: DESCRIPCIÓN | K38: UNIDAD | L38: CANTIDAD | M38: PRECIO UNIT. | O38: Vr. UNITARIO
C39: ='[115]2-APU'!D1453 -> GEOTEXTIL NT 2500 | K39: ='[115]2-APU'!G1453 -> M2 | L39: ='[115]2-APU'!I1453 -> 1.05 | M39: ='[115]2-APU'!H1453 -> 8010.57 | O39: =ROUND(L39*M39,2) -> 8411.1
C47: SUBTOTAL $ | O47: =SUM(O39:O46) -> 8411.1
C48: III. TRANSPORTES
C51: MATERIAL | J51: VOL. o PESO | K51: DISTANCIA | L51: M3 o Ton/Km | M51: TARIFA | O51: Vr. UNITARIO
C54: SUBTOTAL $
C55: IV. MANO DE OBRA
C58: TRABAJADOR | J58: JORNAL | K58: PRESTACIONES | L58: JORNAL TOTAL | M58: RENDIMIENTO | O58: Vr. UNITARIO
C59: ='[115]2-APU'!$D1462 -> CUADRILLA DE ALBAÑILERIA (AA) | L59: ='[115]2-APU'!H1462 -> 29224.692 | M59: 0.06 | O59: =ROUND(L59*M59,2) -> 1753.48
C63: SUBTOTAL $ | O63: =SUM(O59:O62) -> 1753.48
C65: TOTAL COSTO DIRECTO $ | O65: =O63+O54+O47+O34 -> 10164.58
C67: INCREMENTO POR DISTANCIA (F.I.D) | M67: 0.04 | O67: =O65*M67 -> 406.5832
C68: TOTAL COSTO DIRECTO + INCREMENTO POR DISTANCIA $ | O68: =O65+O67 -> 10571.163
C69: V. COSTOS INDIRECTOS
C72: Descripción | L72: Porcentaje | O72: Valor Total
C73: ADMINISTRACION | L73: 0.25 | O73: =O68*L73 -> 2642.7908
C74: IMPREVISTOS | L74: 0.03 | O74: =O68*L74 -> 317.1349
C75: UTILIDAD | L75: 0.02 | O75: =O68*L75 -> 211.42326
C76: SUBTOTAL $ | O76: =SUM(O73:O75) -> 3171.349
C78: Precio Unitario Total Aproximado al peso $ | O78: =O68+O76 -> 13742.512
H82: Firma
H83: Nombre:
H84: Representante Legal del Contratista o su Apoderado
H85: Matricula No. :
C87: OBSERVACIONES INTERVENTORÍA
C91: APROBACIÓN POR INTERVENTORÍA
C92: Nota 1: Cuando se trate de Análisis de precios unitarios correspondientes a ítems de la propuesta económica aprobada, el Interventor aprueba el desglose de los componentes manteniendo el mismo precio unitario de cada ítem, cumpliendo con las especificaciones de construcción vigentes para el proyecto.
C94: Nota 2: Cuando se trate de Análisis de precios unitarios de ítems no previstos, el Interventor aprueba el desglose y precio unitario de cada ítem no previsto, exigiendo la aplicación de los costos correspondientes a insumos y tarifas de la propuesta económica inicial cuando estén contemplados, cumpliendo con las especificaciones de construcción vigente para el proyecto.
H97: Firma
H98: Nombre:
H99: Representante Legal del Interventor o su Apoderado
H100: Matricula No. :

Sheet APU 2.4
C3: Formulario 1 - Propuesta económica - Documento tipo de licitación de obra pública de infraestructura de transporte - versión 4
C4: Código | D4: CCE-EICP-FM-14 | E4: Versión | F4: 4
C6: [La entidad podrá utilizar este formato para la presentación de los análisis de precios unitarios del contratista en la oportunidad prevista en el numeral 8.1. del Documento Base]
D9: MUNICIPIO DE ARCABUCO
L10: VERSIÓN
D11: LP-MA-001-2026
L12: PÁGINA | M12: 1 | N12: DE | O12: 1
D14: ANALISIS DE PRECIOS UNITARIOS
L16: FECHA | M16: DD | N16: MM | O16: AA
C18: ÍTEMS DE LA PROPUESTA ECONÓMICA | I18: ÍTEMS NO PREVISTOS
C22: DATOS ESPECÍFICOS
C24: ÍTEM | D24: DESCRIPCIÓN | M24: UNIDAD | O24: CANTIDAD
C25: ='PRESUPUESTO OFICIAL (Entidad)'!D32 -> 0 | D25: ='PRESUPUESTO OFICIAL (Entidad)'!G32 -> 0 | M25: ='PRESUPUESTO OFICIAL (Entidad)'!H32 -> 0 | O25: ='PRESUPUESTO OFICIAL (Entidad)'!I32 -> 0
C26: I. EQUIPO
C29: DESCRIPCIÓN | H29: MARCA | J29: TIPO | L29: TARIFA/HORA | M29: RENDIMIENTO | O29: Vr. UNITARIO
C30: ='[115]2-APU'!D25 -> HERRAMIENTA Y EQUIPO MENOR (%M.O.) | J30: ='[115]2-APU'!G25 -> % | L30: =O56 -> 111053.83 | M30: ='[115]2-APU'!I25 -> 0.05 | O30: =ROUND(L30*M30,2) -> 5552.69
C33: SUBTOTAL $ | O33: =SUM(O30:O32) -> 5552.69
C34: II. MATERIALES
C37: DESCRIPCIÓN | K37: UNIDAD | L37: CANTIDAD | M37: PRECIO UNIT. | O37: Vr. UNITARIO
C38: ='[115]2-APU'!D1507 -> GRAVILLA ¾, ½ | K38: ='[115]2-APU'!G1507 -> M3 | L38: ='[115]2-APU'!I1507 -> 1.05 | M38: ='[115]2-APU'!H1507 -> 103133.33 | O38: =ROUND(L38*M38,2) -> 108290
C39: ='[115]2-APU'!D1508 -> MATERIAL SELLANTE PARA FILTROS. | K39: ='[115]2-APU'!G1508 -> M3 | L39: ='[115]2-APU'!I1508 -> 0.5 | M39: ='[115]2-APU'!H1508 -> 93150 | O39: =ROUND(L39*M39,2) -> 46575
C40: SUBTOTAL $ | O40: =SUM(O38:O39) -> 154865
C41: III. TRANSPORTES
C44: MATERIAL | J44: VOL. o PESO | K44: DISTANCIA | L44: M3 o Ton/Km | M44: TARIFA | O44: Vr. UNITARIO
C45: ='[115]2-APU'!$D90 -> VOLQUETA | L45: 1.3 | M45: ='[115]2-APU'!H212 -> 10464 | O45: =ROUND(L45*M45,2) -> 13603.2
C47: SUBTOTAL $ | O47: =SUM(O45:O46) -> 13603.2
C48: IV. MANO DE OBRA
C51: TRABAJADOR | J51: JORNAL | K51: PRESTACIONES | L51: JORNAL TOTAL | M51: RENDIMIENTO | O51: Vr. UNITARIO
C52: ='[115]2-APU'!$D149 -> CUADRILLA DE ALBAÑILERIA (AA) | L52: ='[115]2-APU'!H1521 -> 29224.692 | M52: 3.8 | O52: =ROUND(L52*M52,2) -> 111053.83
C56: SUBTOTAL $ | O56: =SUM(O52:O55) -> 111053.83
C58: TOTAL COSTO DIRECTO $ | O58: =O56+O47+O40+O33 -> 285074.72
C60: INCREMENTO POR DISTANCIA (F.I.D) | M60: 0 | O60: =O58*M60 -> 0
C61: TOTAL COSTO DIRECTO + INCREMENTO POR DISTANCIA $ | O61: =O58+O60 -> 285074.72
C62: V. COSTOS INDIRECTOS
C65: Descripción | L65: Porcentaje | O65: Valor Total
C66: ADMINISTRACION | L66: 0.25 | O66: =O61*L66 -> 71268.68
C67: IMPREVISTOS | L67: 0.03 | O67: =O61*L67 -> 8552.2416
C68: UTILIDAD | L68: 0.02 | O68: =O61*L68 -> 5701.4944
C69: SUBTOTAL $ | O69: =SUM(O66:O68) -> 85522.416
C71: Precio Unitario Total Aproximado al peso $ | O71: =O61+O69 -> 370597.14
H75: Firma
H76: Nombre:
H77: Representante Legal del Contratista o su Apoderado
H78: Matricula No. :
C80: OBSERVACIONES INTERVENTORÍA
C84: APROBACIÓN POR INTERVENTORÍA
C85: Nota 1: Cuando se trate de Análisis de precios unitarios correspondientes a ítems de la propuesta económica aprobada, el Interventor aprueba el desglose de los componentes manteniendo el mismo precio unitario de cada ítem, cumpliendo con las especificaciones de construcción vigentes para el proyecto.
C87: Nota 2: Cuando se trate de Análisis de precios unitarios de ítems no previstos, el Interventor aprueba el desglose y precio unitario de cada ítem no previsto, exigiendo la aplicación de los costos correspondientes a insumos y tarifas de la propuesta económica inicial cuando estén contemplados, cumpliendo con las especificaciones de construcción vigente para el proyecto.
H90: Firma
H91: Nombre:
H92: Representante Legal del Interventor o su Apoderado
H93: Matricula No. :
